Workbook
Name BillPeriodA: #REF!
Name BillPeriodB: #REF!
Name calMonth: #REF!
Name NomDisRateYr2: #REF!
Name NomDisRateYr3: #REF!
Name reportYear: #REF!
Name Year1: 2025
Name Year2: 2026
Name Year3: 2027

Sheet Rates
B2: Cape Light Compact JPE
B3: =Year3&" Energy Efficiency Reconciliation Factor (EERF)" -> 2027 Energy Efficiency Reconciliation Factor (EERF)
B4: $ in Thousands
B6: Line | C6: Item | D6: Residential | E6: Residential Low Income | F6: Commercial & Industrial | H6: Reference
D7: Col. A | E7: Col. B | F7: Col. C
B8: 1 | C8: Program Expenditures | D8: =Res!$D$10 -> 72751.628 | E8: =LI!$D$10 -> 28610.385 | F8: =CI!$D$10 -> 19654.75 | H8: Residential - C&I Energy Efficiency Revenue Requirement, Col. B
B9: =B8+1 -> 2 | C9: SBC Revenue | D9: =Res!$E$10 -> -2585.6128 | E9: =LI!$E$10 -> -197.17855 | F9: =CI!$E$10 -> -1747.7618 | H9: Residential - C&I Energy Efficiency Revenue Requirement, Col. C
B10: =B9+1 -> 3 | C10: Other Revenue | D10: =Res!$F$10 -> -3538.064 | E10: =LI!$F$10 -> -565.92486 | F10: =CI!$F$10 -> -1620.3319 | H10: Residential - C&I Energy Efficiency Revenue Requirement, Col. D
B11: =B10+1 -> 4 | C11: Forecasted EERF Revenue | D11: =Res!$G$10 -> 0 | E11: =LI!$G$10 -> 0 | F11: =CI!$G$10 -> 0 | H11: Residential - C&I Energy Efficiency Revenue Requirement, Col. E
B12: =B11+1 -> 5 | C12: Prior Year Deferral w/ Interest | D12: =Res!$H$10 -> -33083.379 | E12: =LI!$H$10 -> -968.50255 | F12: =CI!$H$10 -> -5085.1085 | H12: Residential - C&I Energy Efficiency Revenue Requirement, Col. F
B13: =B12+1 -> 6 | C13: Interest on Deferral | D13: =Res!$I$10 -> -421.43531 | E13: =LI!$I$10 -> 50.264255 | F13: =CI!$I$10 -> -45.360492 | H13: Residential - C&I Energy Efficiency Revenue Requirement, Col. G
B14: =B13+1 -> 7 | C14: Revenue Requirement | D14: =SUM(D8:D13) -> 33123.137 | E14: =SUM(E8:E13) -> 26929.044 | F14: =SUM(F8:F13) -> 11156.188 | H14: Sum of Lines 1 through 6
B15: =B14+1 -> 8 | C15: Forecasted kWh | D15: 1.0342451e+09 | E15: 78871420 | F15: 6.991047e+08 | H15: kWh Sales Forecast for Jan 1, 2027 through Dec 31, 2027
B16: =B15+1 -> 9 | C16: EERF before Low Income Allocation | D16: =ROUND(D14*1000/D15,5) -> 0.03203 | F16: =ROUND(F14*1000/F15,5) -> 0.01596 | H16: Line 7 * 1000 / Line 8
B17: =B16+1 -> 10 | C17: Low Income Allocation % | D17: 0.50795 | F17: 0.49205 | H17: See D.P.U. 22-22
B18: =B17+1 -> 11 | C18: Low Income Rev. Req. Allocation | D18: =D17*E14 -> 13678.608 | F18: =F17*E14 -> 13250.436 | H18: Line 10 * Col. B, Line 7
B19: =B18+1 -> 12 | C19: Revenue Requirement | D19: =D14+D18 -> 46801.745 | F19: =F14+F18 -> 24406.624 | H19: Line 7 + Line 11
B20: =B19+1 -> 13 | C20: Forecasted kWh | D20: =D15+E15 -> 1.1131165e+09 | F20: =F15 -> 6.991047e+08 | H20: Col. A, Line 8 + Col. B, Line 8
B22: 14 | C22: =Year3&" EERF" -> 2027 EERF | D22: =TRUNC((D19*1000/D20),5) -> 0.04204 | E22: =D22 -> 0.04204 | F22: =TRUNC((F19*1000/F20),5) -> 0.03491 | H22: Line 12 * 1000 / Line 13

Sheet Res
C1: Cape Light Compact JPE
C2: 2027 Residential Energy Efficiency Revenue Requirement
C3: $ in Thousands
F5: FCM, RGGI, | H5: Past Period
D6: EE | E6: EE Charge | F6: & Other | G6: Forecasted | H6: Reconciliation | I6: Interest | J6: Total
C7: Year | D7: Expenses | E7: Revenues | F7: Revenues | G7: EERF Revenues | H7: with Interest | I7: on Deferral | J7: EERF
C8: Col. A | D8: Col. B | E8: Col. C | F8: Col. D | G8: Col. E | H8: Col. F | I8: Col. G | J8: Col. H
D9: EEE | E9: EEC | F9: OR | H9: PPRA | I9: I
C10: =Year3 -> 2027 | D10: =BL40 -> 72751.628 | E10: =$BL$30 -> -2585.6128 | F10: =$BL$33+$BL$34+$BL$35 -> -3538.064 | G10: 0 | H10: =$AU$44 -> -33083.379 | I10: =SUM($BL$43) -> -421.43531 | J10: =SUM(D10:I10) -> 33123.137
C13: Col. A: | D13: Effective year (January 1, 2027 - December 31, 2027).
C14: Col. B: | D14: 2027 Residential Monthly Deferral, Line 9, Cols. N.
C15: Col. C: | D15: 2027 Residential Monthly Deferral, Line 1, Cols. N.
C16: Col. D: | D16: 2027 Residential Monthly Deferral, Line 3, Cols. N + Line 4, Cols. N + Line 5, Cols. N.
C17: Col. E: | D17: 2027 Residential Monthly Deferral, Line 2, Cols. N
C18: Col. F: | D18: 2027 Residential Monthly Deferral, Line 12, Cols. A.
C19: Col. G: | D19: 2027 Residential Monthly Deferral, Line 11, Cols. N.
C20: Col. H: | D20: Col. B + Col. C + Col. D + Col. E + Col. F. + Col. G.
A23: Cape Light Compact JPE | Q23: Cape Light Compact JPE | AG23: Cape Light Compact JPE | AW23: Cape Light Compact JPE
A24: =Year1-1&" Residential Monthly EES Deferral" -> 2024 Residential Monthly EES Deferral | Q24: =Year1&" Residential Monthly EES Deferral" -> 2025 Residential Monthly EES Deferral | AG24: =Year2&" Residential Monthly EES Deferral" -> 2026 Residential Monthly EES Deferral | AW24: =Year3&" Residential Monthly EES Deferral" -> 2027 Residential Monthly EES Deferral
A25: $ in Thousands | Q25: $ in Thousands | AG25: $ in Thousands | AW25: $ in Thousands
C26: Col. A | D26: Col. B | E26: Col. C | F26: Col. D | G26: Col. E | H26: Col. F | I26: Col. G | J26: Col. H | K26: Col. I | L26: Col. J | M26: Col. K | N26: Col. L | O26: Col. M | P26: Col. N | S26: Col. A | T26: Col. B | U26: Col. C | V26: Col. D | W26: Col. E | X26: Col. F | Y26: Col. G | Z26: Col. H | AA26: Col. I | AB26: Col. J | AC26: Col. K | AD26: Col. L | AE26: Col. M | AF26: Col. N | AI26: Col. A | AJ26: Col. B | AK26: Col. C | AL26: Col. D | AM26: Col. E | AN26: Col. F | AO26: Col. G | AP26: Col. H | AQ26: Col. I | AR26: Col. J | AS26: Col. K | AT26: Col. L | AU26: Col. M | AV26: Col. N | AY26: Col. A | AZ26: Col. B | BA26: Col. C | BB26: Col. D | BC26: Col. E | BD26: Col. F | BE26: Col. G | BF26: Col. H | BG26: Col. I | BH26: Col. J | BI26: Col. K | BJ26: Col. L | BK26: Col. M | BL26: Col. N
C27: Actual | D27: Actual | E27: Actual | F27: Actual | G27: Actual | H27: Actual | I27: Actual | J27: Actual | K27: Actual | L27: Actual | M27: Actual | N27: Actual | O27: Actual | S27: =O27 -> Actual | T27: Actual | U27: Actual | V27: Actual | W27: Actual | X27: Actual | Y27: Actual | Z27: Actual | AA27: Actual | AB27: Actual | AC27: Actual | AD27: Actual | AE27: Actual | AI27: =AE27 -> Actual | AJ27: Actual | AK27: Actual | AL27: Actual | AM27: Actual | AN27: Actual | AO27: Actual | AP27: Actual | AQ27: Actual | AR27: Actual | AS27: Planned | AT27: Planned | AU27: Planned | AY27: =AU27 -> Planned | AZ27: Planned | BA27: Planned | BB27: Planned | BC27: Planned | BD27: Planned | BE27: Planned | BF27: Planned | BG27: Planned | BH27: Planned | BI27: Planned | BJ27: Planned | BK27: Planned
A28: Line | B28: Description | C28: =D28-31 -> 45261 | D28: =DATE(Year1-1,1,1) -> 45292 | E28: =D28+31 -> 45323 | F28: =E28+29 -> 45352 | G28: =F28+31 -> 45383 | H28: =G28+30 -> 45413 | I28: =H28+31 -> 45444 | J28: =I28+30 -> 45474 | K28: =J28+31 -> 45505 | L28: =K28+31 -> 45536 | M28: =L28+30 -> 45566 | N28: =M28+31 -> 45597 | O28: =N28+30 -> 45627 | P28: Total | Q28: Line | R28: Description | S28: =T28-31 -> 45627 | T28: =DATE(Year1,1,1) -> 45658 | U28: =T28+31 -> 45689 | V28: =U28+28 -> 45717 | W28: =V28+31 -> 45748 | X28: =W28+30 -> 45778 | Y28: =X28+31 -> 45809 | Z28: =Y28+30 -> 45839 | AA28: =Z28+31 -> 45870 | AB28: =AA28+31 -> 45901 | AC28: =AB28+30 -> 45931 | AD28: =AC28+31 -> 45962 | AE28: =AD28+30 -> 45992 | AF28: Total | AG28: Line | AH28: Description | AI28: =AJ28-31 -> 45992 | AJ28: =DATE(Year2,1,1) -> 46023 | AK28: =AJ28+31 -> 46054 | AL28: =AK28+29 -> 46083 | AM28: =AL28+31 -> 46114 | AN28: =AM28+30 -> 46144 | AO28: =AN28+31 -> 46175 | AP28: =AO28+30 -> 46205 | AQ28: =AP28+31 -> 46236 | AR28: =AQ28+31 -> 46267 | AS28: =AR28+30 -> 46297 | AT28: =AS28+31 -> 46328 | AU28: =AT28+30 -> 46358 | AV28: Total | AW28: Line | AX28: Description | AY28: =AZ28-31 -> 46357 | AZ28: =DATE(Year3,1,1) -> 46388 | BA28: =AZ28+31 -> 46419 | BB28: =BA28+29 -> 46448 | BC28: =BB28+31 -> 46479 | BD28: =BC28+30 -> 46509 | BE28: =BD28+31 -> 46540 | BF28: =BE28+30 -> 46570 | BG28: =BF28+31 -> 46601 | BH28: =BG28+31 -> 46632 | BI28: =BH28+30 -> 46662 | BJ28: =BI28+31 -> 46693 | BK28: =BJ28+30 -> 46723 | BL28: Total
A30: 1 | B30: SBC Revenues | D30: 0 | E30: -223.2781 | F30: -223.2781 | G30: -223.2781 | H30: -223.2781 | I30: -223.2781 | J30: -223.2781 | K30: -223.2781 | L30: -446.55621 | M30: -111.63905 | N30: -223.2781 | O30: -369.35946 | P30: =SUM(D30:O30) -> -2713.7796 | Q30: 1 | R30: SBC Revenues | T30: 0 | U30: -220.69455 | V30: -220.69455 | W30: -220.69455 | X30: -220.69455 | Y30: -220.69455 | Z30: -220.69455 | AA30: -235.15203 | AB30: -235.15203 | AC30: -235.15203 | AD30: -235.15203 | AE30: -455.17466 | AF30: =SUM(T30:AE30) -> -2719.9501 | AG30: 1 | AH30: SBC Revenues | AJ30: 0 | AK30: -255.19959 | AL30: -255.19959 | AM30: -255.19959 | AN30: -255.19959 | AO30: -255.19959 | AP30: -255.19959 | AQ30: -255.19959 | AR30: -255.19959 | AS30: -255.19882 | AT30: -255.19882 | AU30: -510.39764 | AV30: =SUM(AJ30:AU30) -> -3062.392 | AW30: 1 | AX30: SBC Revenues | AZ30: 0 | BA30: -215.46773 | BB30: -215.46773 | BC30: -215.46773 | BD30: -215.46773 | BE30: -215.46773 | BF30: -215.46773 | BG30: -215.46773 | BH30: -215.46773 | BI30: -215.46773 | BJ30: -215.46773 | BK30: -430.93546 | BL30: =SUM(AZ30:BK30) -> -2585.6128
A31: 2 | B31: EES Revenues, 1/1/2024-6/30/2024 | D31: 0 | E31: -2010.6805 | F31: -2010.6805 | G31: -2010.6805 | H31: -2010.6805 | I31: -2010.6805 | J31: -2010.6805 | P31: =SUM(D31:O31) -> -12064.083 | Q31: 2 | R31: EES Revenues, 1/1/2025-6/30/2025 | T31: 0 | U31: -4173.025 | V31: -4173.025 | W31: -4173.025 | X31: -4173.025 | Y31: -4173.025 | Z31: -4173.025 | AF31: =SUM(T31:AE31) -> -25038.15 | AG31: 2 | AH31: EES Revenues | AJ31: 0 | AK31: -2772.5802 | AL31: -2772.5802 | AM31: -2772.5802 | AN31: -2772.5802 | AO31: -2772.5802 | AP31: -2772.5802 | AQ31: -2772.5802 | AR31: -2772.5802 | AS31: -2772.5804 | AT31: -2772.5804 | AU31: -5545.1607 | AV31: =SUM(AJ31:AU31) -> -33270.963 | AW31: 2 | AX31: EES Revenues | AZ31: 0 | BA31: -2760.2614 | BB31: -2760.2614 | BC31: -2760.2614 | BD31: -2760.2614 | BE31: -2760.2614 | BF31: -2760.2614 | BG31: -2760.2614 | BH31: -2760.2614 | BI31: -2760.2614 | BJ31: -2760.2614 | BK31: -5520.5228 | BL31: =SUM(AZ31:BK31) -> -33123.137
A32: 3 | B32: EES Revenues, 7/1/2024-12/31/2024 | K32: -1301.339 | L32: -4973.4129 | M32: -1274.6747 | N32: -2549.3493 | O32: -4603.8207 | P32: =SUM(D32:O32) -> -14702.597 | Q32: 3 | R32: EES Revenues, 7/1/2025-12/31/2025 | AA32: -2447.3042 | AB32: -2447.3042 | AC32: -2447.3042 | AD32: -2447.3042 | AE32: -3215.4037 | AF32: =SUM(T32:AE32) -> -13004.621 | AV32: =SUM(AJ32:AU32) -> 0
A33: 4 | B33: FCM Revenues* | D33: -41.851383 | E33: -68.943921 | F33: -74.50088 | G33: -84.31692 | H33: -64.536896 | I33: -106.30786 | J33: -135.2084 | K33: -145.13406 | L33: -128.58213 | M33: -133.75864 | N33: -119.14711 | O33: -207.53837 | P33: =SUM(D33:O33) -> -1309.8266 | Q33: 4 | R33: FCM Revenues* | T33: -87.5809 | U33: -131.34653 | V33: -127.932 | W33: -122.20913 | X33: -130.00988 | Y33: -110.11286 | Z33: -74.458509 | AA33: -76.696429 | AB33: -72.358472 | AC33: -79.569981 | AD33: -53.661253 | AE33: -81.685462 | AF33: =SUM(T33:AE33) -> -1147.6214 | AG33: 3 | AH33: FCM Revenues* | AJ33: -79.4257 | AK33: -72.333274 | AL33: -73.955851 | AM33: -62.640386 | AN33: -66.703584 | AO33: -73.388093 | AP33: -68.180496 | AQ33: -59.034477 | AR33: -55.436147 | AS33: -18.711649 | AT33: -18.711649 | AU33: -18.711649 | AV33: =SUM(AJ33:AU33) -> -667.23295 | AW33: 3 | AX33: FCM Revenues* | AZ33: -52.536778 | BA33: -52.536778 | BB33: -52.536778 | BC33: -52.536778 | BD33: -52.536778 | BE33: -52.536778 | BF33: -52.536778 | BG33: -52.536778 | BH33: -52.536778 | BI33: -52.536778 | BJ33: -52.536778 | BK33: -52.536778 | BL33: =SUM(AZ33:BK33) -> -630.44134
A34: 5 | B34: RGGI Revenues** | D34: -901.76623 | E34: 0 | F34: 0 | G34: -1147.6822 | H34: 0 | I34: -1644.7534 | J34: 0 | K34: 0 | L34: 0 | M34: 0 | N34: -1363.7103 | O34: 0 | P34: =SUM(D34:O34) -> -5057.9122 | Q34: 5 | R34: RGGI Revenues** | T34: 0 | U34: -1538.4491 | V34: -1341.028 | W34: 0 | X34: -1054.9473 | Y34: 0 | Z34: 0 | AA34: 0 | AB34: 0 | AC34: -1831.9122 | AD34: 0 | AE34: 0 | AF34: =SUM(T34:AE34) -> -5766.3365 | AG34: 4 | AH34: RGGI Revenues** | AJ34: 0 | AK34: 0 | AL34: -2198.4777 | AM34: 0 | AN34: -3938.2732 | AO34: 0 | AP34: 0 | AQ34: 0 | AR34: -3886.141 | AS34: 0 | AT34: 0 | AU34: 0 | AV34: =SUM(AJ34:AU34) -> -10022.892 | AW34: 4 | AX34: RGGI Revenues** | AZ34: 0 | BA34: 0 | BB34: -725.79399 | BC34: 0 | BD34: 0 | BE34: -725.79399 | BF34: 0 | BG34: 0 | BH34: -725.79399 | BI34: 0 | BJ34: 0 | BK34: -725.79399 | BL34: =SUM(AZ34:BK34) -> -2903.1759
A35: 6 | B35: Other Revenues*** | D35: 0 | E35: 0 | F35: 0 | G35: 0 | H35: 0 | I35: 0 | J35: 0 | K35: 0 | L35: -0.63 | M35: 0 | N35: 0 | O35: -0.399 | P35: =SUM(D35:O35) -> -1.029 | Q35: 6 | R35: Other Revenues*** | T35: 0 | U35: 0 | V35: 0 | W35: -0.636 | X35: 0 | Y35: -0.39 | Z35: 0 | AA35: -0.646 | AB35: 0 | AC35: 0 | AD35: -1.365 | AE35: 0 | AF35: =SUM(T35:AE35) -> -3.037 | AG35: 5 | AH35: Other Revenues*** | AJ35: 0 | AK35: -1.287 | AL35: 0 | AM35: 0 | AN35: -0.5148 | AO35: 0 | AP35: 0 | AQ35: -0.58875 | AR35: 0 | AS35: -16.4467 | AT35: 0 | AU35: -1.1116875 | AV35: =SUM(AJ35:AU35) -> -19.948937 | AW35: 5 | AX35: Other Revenues*** | AZ35: 0 | BA35: 0 | BB35: -1.1116875 | BC35: 0 | BD35: 0 | BE35: -1.1116875 | BF35: 0 | BG35: 0 | BH35: -1.1116875 | BI35: 0 | BJ35: 0 | BK35: -1.1116875 | BL35: =SUM(AZ35:BK35) -> -4.44675
A36: 7 | B36: Total Energy Efficiency Revenues | D36: =SUM(D30:D35) -> -943.61761 | E36: =SUM(E30:E35) -> -2302.9025 | F36: =SUM(F30:F35) -> -2308.4595 | G36: =SUM(G30:G35) -> -3465.9578 | H36: =SUM(H30:H35) -> -2298.4955 | I36: =SUM(I30:I35) -> -3985.0199 | J36: =SUM(J30:J35) -> -2369.167 | K36: =SUM(K30:K35) -> -1669.7511 | ... O36: =SUM(O30:O35) -> -5181.1176 | P36: =SUM(D36:O36) -> -35849.227 | Q36: 7 | R36: Total Energy Efficiency Revenues | T36: =SUM(T30:T35) -> -87.5809 | U36: =SUM(U30:U35) -> -6063.5151 | V36: =SUM(V30:V35) -> -5862.6796 | W36: =SUM(W30:W35) -> -4516.5647 | X36: =SUM(X30:X35) -> -5578.6767 | Y36: =SUM(Y30:Y35) -> -4504.2224 | Z36: =SUM(Z30:Z35) -> -4468.178 | AA36: =SUM(AA30:AA35) -> -2759.7987 | ... AE36: =SUM(AE30:AE35) -> -3752.2639 | AF36: =SUM(T36:AE36) -> -47679.716 | AG36: 6 | AH36: Total Energy Efficiency Revenues | AJ36: =SUM(AJ30:AJ35) -> -79.4257 | AK36: =SUM(AK30:AK35) -> -3101.4 | AL36: =SUM(AL30:AL35) -> -5300.2133 | AM36: =SUM(AM30:AM35) -> -3090.4202 | AN36: =SUM(AN30:AN35) -> -7033.2714 | AO36: =SUM(AO30:AO35) -> -3101.1679 | AP36: =SUM(AP30:AP35) -> -3095.9603 | AQ36: =SUM(AQ30:AQ35) -> -3087.403 | ... AU36: =SUM(AU30:AU35) -> -6075.3817 | AV36: =SUM(AJ36:AU36) -> -47043.429 | AW36: 6 | AX36: Total Energy Efficiency Revenues | AZ36: =SUM(AZ30:AZ35) -> -52.536778 | BA36: =SUM(BA30:BA35) -> -3028.2659 | BB36: =SUM(BB30:BB35) -> -3755.1716 | BC36: =SUM(BC30:BC35) -> -3028.2659 | BD36: =SUM(BD30:BD35) -> -3028.2659 | BE36: =SUM(BE30:BE35) -> -3755.1716 | BF36: =SUM(BF30:BF35) -> -3028.2659 | BG36: =SUM(BG30:BG35) -> -3028.2659 | ... BK36: =SUM(BK30:BK35) -> -6730.9007 | BL36: =SUM(AZ36:BK36) -> -39246.814
Q38: 8 | R38: Energy Efficiency Expenditures - PA Models | T38: =T40-T39 -> 194.6409 | U38: =U40-U39 -> 327.89883 | V38: =V40-V39 -> 2011.2163 | W38: =W40-W39 -> 137.80765 | X38: =X40-X39 -> 2468.1596 | Y38: =Y40-Y39 -> 372.77627 | Z38: =Z40-Z39 -> 1988.5042 | AA38: =AA40-AA39 -> 2215.9351 | ... AE38: =AE40-AE39 -> 4770.4756 | AF38: =SUM(T38:AE38) -> 19212.569 | AG38: 7 | AH38: =R38 -> Energy Efficiency Expenditures - PA Models | AJ38: =AJ40-AJ39 -> 203.30059 | AK38: =AK40-AK39 -> 716.8856 | AL38: =AL40-AL39 -> 3819.5712 | AM38: =AM40-AM39 -> 3042.3554 | AN38: =AN40-AN39 -> 1340.3998 | AO38: =AO40-AO39 -> 1495.8157 | AP38: =AP40-AP39 -> 1257.5124 | AQ38: =AQ40-AQ39 -> 1337.7793 | ... AU38: =AU40-AU39 -> 3670.0449 | AV38: =SUM(AJ38:AU38) -> 25274.029 | AW38: 7 | AX38: =R38 -> Energy Efficiency Expenditures - PA Models | AZ38: =AZ40-AZ39 -> 5229.8357 | BA38: =BA40-BA39 -> 5229.8357 | BB38: =BB40-BB39 -> 5229.8357 | BC38: =BC40-BC39 -> 5229.8357 | BD38: =BD40-BD39 -> 5229.8357 | BE38: =BE40-BE39 -> 5229.8357 | BF38: =BF40-BF39 -> 5229.8357 | BG38: =BG40-BG39 -> 5229.8357 | ... BK38: =BK40-BK39 -> 5229.8357 | BL38: =SUM(AZ38:BK38) -> 62758.028
Q39: 9 | R39: Energy Efficiency Expenditures - Electrification Pool | T39: 0 | U39: 0 | V39: 15.12196 | W39: 11.4025 | X39: 870.96321 | Y39: 495.96 | Z39: 474.57647 | AA39: 1980.1616 | AB39: 1245.3366 | AC39: 1067.0621 | AD39: 833.74835 | AE39: 3032.5209 | AF39: =SUM(T39:AE39) -> 10026.854 | AG39: 8 | AH39: =R39 -> Energy Efficiency Expenditures - Electrification Pool | AJ39: 1047.2602 | AK39: 759.59677 | AL39: 808.31205 | AM39: 544.00219 | AN39: 516.745 | AO39: 367.05107 | AP39: 672.99822 | AQ39: 457.38212 | AR39: 503.64638 | AS39: 1464.4197 | AT39: 1464.4197 | AU39: 1464.4197 | AV39: =SUM(AJ39:AU39) -> 10070.253 | AW39: 8 | AX39: =R39 -> Energy Efficiency Expenditures - Electrification Pool | AZ39: 832.79995 | BA39: 832.79995 | BB39: 832.79995 | BC39: 832.79995 | BD39: 832.79995 | BE39: 832.79995 | BF39: 832.79995 | BG39: 832.79995 | BH39: 832.79995 | BI39: 832.79995 | BJ39: 832.79995 | BK39: 832.79995 | BL39: =SUM(AZ39:BK39) -> 9993.5994
A40: 8 | B40: Total Energy Efficiency Expenses | D40: 66.208342 | E40: 1005.0211 | F40: 3420.5376 | G40: 3628.3964 | H40: 3757.7225 | I40: 3793.4512 | J40: 1851.2175 | K40: 3196.8319 | L40: 1419.9736 | M40: 3604.0296 | N40: 4258.6134 | O40: 12663.073 | P40: =SUM(D40:O40) -> 42665.076 | Q40: 10 | R40: Total Energy Efficiency Expenses | T40: 194.6409 | U40: 327.89883 | V40: 2026.3383 | W40: 149.21015 | X40: 3339.1228 | Y40: 868.73627 | Z40: 2463.0806 | AA40: 4196.0967 | AB40: 1920.1002 | AC40: 3471.2285 | AD40: 2479.9733 | AE40: 7802.9964 | AF40: =SUM(T40:AE40) -> 29239.423 | AG40: 9 | AH40: Total Energy Efficiency Expenses | AJ40: 1250.5608 | AK40: 1476.4824 | AL40: 4627.8832 | AM40: 3586.3576 | AN40: 1857.1448 | AO40: 1862.8668 | AP40: 1930.5106 | AQ40: 1795.1615 | AR40: 1553.921 | AS40: 5134.4646 | AT40: 5134.4646 | AU40: 5134.4646 | AV40: =SUM(AJ40:AU40) -> 35344.282 | AW40: 9 | AX40: Total Energy Efficiency Expenses | AZ40: 6062.6356 | BA40: 6062.6356 | BB40: 6062.6356 | BC40: 6062.6356 | BD40: 6062.6356 | BE40: 6062.6356 | BF40: 6062.6356 | BG40: 6062.6356 | BH40: 6062.6356 | BI40: 6062.6356 | BJ40: 6062.6356 | BK40: 6062.6356 | BL40: =SUM(AZ40:BK40) -> 72751.628
A42: 9 | B42: Deferral (Over)/Under Recovery | D42: =D36+D40 -> -877.40927 | E42: =E36+E40 -> -1297.8814 | F42: =F36+F40 -> 1112.0781 | G42: =G36+G40 -> 162.4386 | H42: =H36+H40 -> 1459.227 | I42: =I36+I40 -> -191.56868 | J42: =J36+J40 -> -517.94952 | K42: =K36+K40 -> 1527.0808 | ... O42: =O36+O40 -> 7481.9559 | Q42: 11 | R42: Deferral (Over)/Under Recovery | T42: =T36+T40 -> 107.06 | U42: =U36+U40 -> -5735.6163 | V42: =V36+V40 -> -3836.3413 | W42: =W36+W40 -> -4367.3545 | X42: =X36+X40 -> -2239.5539 | Y42: =Y36+Y40 -> -3635.4861 | Z42: =Z36+Z40 -> -2005.0974 | AA42: =AA36+AA40 -> 1436.298 | ... AE42: =AE36+AE40 -> 4050.7326 | AG42: 10 | AH42: Deferral (Over)/Under Recovery | AJ42: =AJ36+AJ40 -> 1171.1351 | AK42: =AK36+AK40 -> -1624.9177 | AL42: =AL36+AL40 -> -672.33012 | AM42: =AM36+AM40 -> 495.93743 | AN42: =AN36+AN40 -> -5176.1266 | AO42: =AO36+AO40 -> -1238.3011 | AP42: =AP36+AP40 -> -1165.4496 | AQ42: =AQ36+AQ40 -> -1292.2415 | ... AU42: =AU36+AU40 -> -940.9171 | AW42: 10 | AX42: Deferral (Over)/Under Recovery | AZ42: =AZ36+AZ40 -> 6010.0989 | BA42: =BA36+BA40 -> 3034.3697 | BB42: =BB36+BB40 -> 2307.4641 | BC42: =BC36+BC40 -> 3034.3697 | BD42: =BD36+BD40 -> 3034.3697 | BE42: =BE36+BE40 -> 2307.4641 | BF42: =BF36+BF40 -> 3034.3697 | BG42: =BG36+BG40 -> 3034.3697 | ... BK42: =BK36+BK40 -> -668.26507
A43: 10 | B43: Interest on Deferral Balance | D43: -36.393977 | E43: -26.571254 | F43: -24.909087 | G43: -21.036691 | H43: -21.33483 | I43: -20.292532 | J43: -14.571391 | K43: -11.565415 | L43: -13.319462 | M43: -13.268337 | N43: -11.984274 | O43: -8.2148724 | P43: =SUM(D43:O43) -> -223.46212 | Q43: 12 | R43: Interest on Deferral Balance | T43: -55.676899 | U43: -29.893325 | V43: -37.810438 | W43: -41.451061 | X43: -46.637899 | Y43: -50.587591 | Z43: -58.923825 | AA43: -59.278743 | AB43: -55.852388 | AC43: -64.053663 | AD43: -64.098978 | AE43: -64.428843 | AF43: =SUM(T43:AE43) -> -628.69365 | AG43: 11 | AH43: Interest on Deferral Balance | AJ43: -62.040848 | AK43: -55.248096 | AL43: -58.652336 | AM43: -57.610707 | AN43: -61.206259 | AO43: -73.606171 | AP43: -80.194467 | AQ43: -84.434571 | AR43: -76.352358 | AS43: =IF(AS27="Planned",(AR44+AS42/2)*AS45/12,"Update to Actuals") -> -90.143726 | AT43: =IF(AT27="Planned",(AS44+AT42/2)*AT45/12,"Update to Actuals") -> -85.020489 | AU43: =IF(AU27="Planned",(AT44+AU42/2)*AU45/12,"Update to Actuals") -> -83.762581 | AV43: =SUM(AJ43:AU43) -> -868.27261 | AW43: 11 | AX43: Interest on Deferral Balance | AZ43: =IF(AZ27="Planned",(AY44+AZ42/2)*AZ45/12,"Update to Actuals") -> -77.451698 | BA43: =IF(BA27="Planned",(AZ44+BA42/2)*BA45/12,"Update to Actuals") -> -66.006383 | BB43: =IF(BB27="Planned",(BA44+BB42/2)*BB45/12,"Update to Actuals") -> -59.298738 | BC43: =IF(BC27="Planned",(BB44+BC42/2)*BC45/12,"Update to Actuals") -> -52.573822 | BD43: =IF(BD27="Planned",(BC44+BD42/2)*BD45/12,"Update to Actuals") -> -44.895697 | BE43: =IF(BE27="Planned",(BD44+BE42/2)*BE45/12,"Update to Actuals") -> -38.133693 | BF43: =IF(BF27="Planned",(BE44+BF42/2)*BF45/12,"Update to Actuals") -> -31.354276 | BG43: =IF(BG27="Planned",(BF44+BG42/2)*BG45/12,"Update to Actuals") -> -23.621511 | ... BK43: =IF(BK27="Planned",(BJ44+BK42/2)*BK45/12,"Update to Actuals") -> 0.85818146 | BL43: =SUM(AZ43:BK43) -> -421.43531
A44: 11 | B44: (Over)/Under Ending Balance | C44: -8039.3612 | D44: =C44+D42+D43 -> -8953.1645 | E44: =D44+E42+E43 -> -10277.617 | F44: =E44+F42+F43 -> -9190.4482 | G44: =F44+G42+G43 -> -9049.0463 | H44: =G44+H42+H43 -> -7611.1541 | I44: =H44+I42+I43 -> -7823.0153 | J44: =I44+J42+J43 -> -8355.5362 | K44: =J44+K42+K43 -> -6840.0209 | ... O44: =N44+O42+O43 -> -1446.9737 | Q44: 13 | R44: (Over)/Under Ending Balance | S44: =O44 -> -1446.9737 | T44: =S44+T42+T43 -> -1395.5906 | U44: =T44+U42+U43 -> -7161.1002 | V44: =U44+V42+V43 -> -11035.252 | W44: =V44+W42+W43 -> -15444.058 | X44: =W44+X42+X43 -> -17730.249 | Y44: =X44+Y42+Y43 -> -21416.323 | Z44: =Y44+Z42+Z43 -> -23480.344 | AA44: =Z44+AA42+AA43 -> -22103.325 | ... AE44: =AD44+AE42+AE43 -> -20515.96 | AG44: 12 | AH44: (Over)/Under Ending Balance | AI44: =AE44 -> -20515.96 | AJ44: =AI44+AJ42+AJ43 -> -19406.866 | AK44: =AJ44+AK42+AK43 -> -21087.031 | AL44: =AK44+AL42+AL43 -> -21818.014 | AM44: =AL44+AM42+AM43 -> -21379.687 | AN44: =AM44+AN42+AN43 -> -26617.02 | AO44: =AN44+AO42+AO43 -> -27928.927 | AP44: =AO44+AP42+AP43 -> -29174.571 | AQ44: =AP44+AQ42+AQ43 -> -30551.248 | ... AU44: =AT44+AU42+AU43 -> -33083.379 | AW44: 12 | AX44: (Over)/Under Ending Balance | AY44: =AU44 -> -33083.379 | AZ44: =AY44+AZ42+AZ43 -> -27150.732 | BA44: =AZ44+BA42+BA43 -> -24182.368 | BB44: =BA44+BB42+BB43 -> -21934.203 | BC44: =BB44+BC42+BC43 -> -18952.407 | BD44: =BC44+BD42+BD43 -> -15962.933 | BE44: =BD44+BE42+BE43 -> -13693.603 | BF44: =BE44+BF42+BF43 -> -10690.587 | BG44: =BF44+BG42+BG43 -> -7679.839 | ... BK44: =BJ44+BK42+BK43 -> 6.4632744e-12
A45: 12 | B45: Interest Rate Applied to Deferral Balance | D45: 0.0429 | E45: 0.0433 | F45: 0.0425 | G45: 0.0424 | H45: 0.0408 | I45: 0.0453 | J45: 0.0441 | K45: 0.0392 | L45: 0.0422 | M45: 0.0414 | N45: 0.0378 | O45: 0.0413 | Q45: 14 | R45: Interest Rate Applied to Deferral Balance | T45: 0.0396 | U45: 0.0296 | V45: 0.0381 | W45: 0.0372 | X45: 0.0357 | Y45: 0.0371 | Z45: 0.0352 | AA45: 0.0341 | AB45: 0.0361 | AC45: 0.0328 | AD45: 0.0362 | AE45: 0.0329 | AG45: 13 | AH45: Interest Rate Applied to Deferral Balance | AJ45: 0.0316 | AK45: 0.0328 | AL45: 0.0325 | AM45: 0.0313 | AN45: 0.0305 | AO45: 0.0309 | AP45: 0.0291 | AQ45: 0.0328 | AR45: 0.0308 | AS45: 0.0309 | AT45: 0.0309 | AU45: 0.0309 | AW45: 13 | AX45: Interest Rate Applied to Deferral Balance | AZ45: 0.0309 | BA45: 0.0309 | BB45: 0.0309 | BC45: 0.0309 | BD45: 0.0309 | BE45: 0.0309 | BF45: 0.0309 | BG45: 0.0309 | BH45: 0.0309 | BI45: 0.0309 | BJ45: 0.0309 | BK45: 0.0309
B47: *Sector portion of revenues are allocated based on forecasted 2024 kWh sales. | R47: ="*Sector portion of revenues are allocated based on forecasted "&Year1& " kWh sales." -> *Sector portion of revenues are allocated based on forecasted 2025 kWh sales. | AH47: ="*Sector portion of revenues are allocated based on forecasted "&Year2& " kWh sales." -> *Sector portion of revenues are allocated based on forecasted 2026 kWh sales. | AX47: ="*Sector portion of revenues are allocated based on forecasted "&Year3& " kWh sales." -> *Sector portion of revenues are allocated based on forecasted 2027 kWh sales.
B48: **Sector portion of revenues are allocated based on greenhouse gas reductions. | R48: =B48 -> **Sector portion of revenues are allocated based on greenhouse gas reductions. | AH48: =R48 -> **Sector portion of revenues are allocated based on greenhouse gas reductions. | AX48: =AH48 -> **Sector portion of revenues are allocated based on greenhouse gas reductions.
B49: ***Other Revenue represents any RPS and APS credits associated with CVEO participants. | R49: =B49 -> ***Other Revenue represents any RPS and APS credits associated with CVEO participants. | AH49: ***Other Revenue represents any RPS and APS credits associated with CVEO participants, and revenue from the Clean Peak Standard. | AX49: =R49 -> ***Other Revenue represents any RPS and APS credits associated with CVEO participants.

Sheet LI
C1: Cape Light Compact JPE
C2: 2027 Low-Income Energy Efficiency Revenue Requirement
C3: $ in Thousands
F5: FCM, RGGI, | H5: Past Period
D6: EE | E6: EE Charge | F6: & Other | G6: Forecasted | H6: Reconciliation | I6: Interest | J6: Total
C7: Year | D7: Expenses | E7: Revenues | F7: Revenues | G7: EERF Revenues | H7: with Interest | I7: on Deferral | J7: EERF
C8: Col. A | D8: Col. B | E8: Col. C | F8: Col. D | G8: Col. E | H8: Col. F | I8: Col. G | J8: Col. H
D9: EEE | E9: EEC | F9: OR | H9: PPRA | I9: I
C10: =Year3 -> 2027 | D10: =BL40 -> 28610.385 | E10: =$BL$30 -> -197.17855 | F10: =$BL$33+$BL$34+$BL$35 -> -565.92486 | G10: 0 | H10: =$AU$44 -> -968.50255 | I10: =$BL$43 -> 50.264255 | J10: =SUM(D10:I10) -> 26929.044
C13: Col. A: | D13: =Res!D13 -> Effective year (January 1, 2027 - December 31, 2027).
C14: Col. B: | D14: 2027 Low-Income Monthly Deferral, Line 9, Cols. N.
C15: Col. C: | D15: 2027 Low-Income Monthly Deferral, Line 1, Cols. N.
C16: Col. D: | D16: 2027 Low-Income Monthly Deferral, Line 3, Cols. N + Line 4, Cols. N + Line 5, Cols. N.
C17: Col. E: | D17: 2027 Low-Income Monthly Deferral, Line 2, Cols. N
C18: Col. F: | D18: 2027 Low-Income Monthly Deferral, Line 12, Cols. A.
C19: Col. G: | D19: 2027 Low-Income Monthly Deferral, Line 11, Cols. N.
C20: Col. H: | D20: =Res!D20 -> Col. B + Col. C + Col. D + Col. E + Col. F. + Col. G.
A23: Cape Light Compact JPE | Q23: Cape Light Compact JPE | AG23: Cape Light Compact JPE | AW23: Cape Light Compact JPE
A24: =Year1-1&" Low-Income Monthly EES Deferral" -> 2024 Low-Income Monthly EES Deferral | Q24: =Year1&" Low-Income Monthly EES Deferral" -> 2025 Low-Income Monthly EES Deferral | AG24: =Year2&" Low-Income Monthly EES Deferral" -> 2026 Low-Income Monthly EES Deferral | AW24: =Year3&" Low-Income Monthly EES Deferral" -> 2027 Low-Income Monthly EES Deferral
A25: $ in Thousands | Q25: $ in Thousands | AG25: $ in Thousands | AW25: $ in Thousands
C26: Col. A | D26: Col. B | E26: Col. C | F26: Col. D | G26: Col. E | H26: Col. F | I26: Col. G | J26: Col. H | K26: Col. I | L26: Col. J | M26: Col. K | N26: Col. L | O26: Col. M | P26: Col. N | S26: Col. A | T26: Col. B | U26: Col. C | V26: Col. D | W26: Col. E | X26: Col. F | Y26: Col. G | Z26: Col. H | AA26: Col. I | AB26: Col. J | AC26: Col. K | AD26: Col. L | AE26: Col. M | AF26: Col. N | AI26: Col. A | AJ26: Col. B | AK26: Col. C | AL26: Col. D | AM26: Col. E | AN26: Col. F | AO26: Col. G | AP26: Col. H | AQ26: Col. I | AR26: Col. J | AS26: Col. K | AT26: Col. L | AU26: Col. M | AV26: Col. N | AY26: Col. A | AZ26: Col. B | BA26: Col. C | BB26: Col. D | BC26: Col. E | BD26: Col. F | BE26: Col. G | BF26: Col. H | BG26: Col. I | BH26: Col. J | BI26: Col. K | BJ26: Col. L | BK26: Col. M | BL26: Col. N
C27: =Res!C27 -> Actual | D27: =Res!D27 -> Actual | E27: =Res!E27 -> Actual | F27: =Res!F27 -> Actual | G27: =Res!G27 -> Actual | H27: =Res!H27 -> Actual | I27: =Res!I27 -> Actual | J27: =Res!J27 -> Actual | ... O27: =Res!O27 -> Actual | S27: =Res!S27 -> Actual | T27: =Res!T27 -> Actual | U27: =Res!U27 -> Actual | V27: =Res!V27 -> Actual | W27: =Res!W27 -> Actual | X27: =Res!X27 -> Actual | Y27: =Res!Y27 -> Actual | Z27: =Res!Z27 -> Actual | ... AE27: =Res!AE27 -> Actual | AI27: =Res!AI27 -> Actual | AJ27: =Res!AJ27 -> Actual | AK27: =Res!AK27 -> Actual | AL27: =Res!AL27 -> Actual | AM27: =Res!AM27 -> Actual | AN27: =Res!AN27 -> Actual | AO27: =Res!AO27 -> Actual | AP27: =Res!AP27 -> Actual | ... AU27: =Res!AU27 -> Planned | AY27: =Res!AY27 -> Planned | AZ27: =Res!AZ27 -> Planned | BA27: =Res!BA27 -> Planned | BB27: =Res!BB27 -> Planned | BC27: =Res!BC27 -> Planned | BD27: =Res!BD27 -> Planned | BE27: =Res!BE27 -> Planned | BF27: =Res!BF27 -> Planned | ... BK27: =Res!BK27 -> Planned
A28: Line | B28: Description | C28: =D28-31 -> 45261 | D28: =DATE(Year1-1,1,1) -> 45292 | E28: =D28+31 -> 45323 | F28: =E28+29 -> 45352 | G28: =F28+31 -> 45383 | H28: =G28+30 -> 45413 | I28: =H28+31 -> 45444 | J28: =I28+30 -> 45474 | K28: =J28+31 -> 45505 | L28: =K28+31 -> 45536 | M28: =L28+30 -> 45566 | N28: =M28+31 -> 45597 | O28: =N28+30 -> 45627 | P28: Total | Q28: Line | R28: Description | S28: =T28-31 -> 45627 | T28: =DATE(Year1,1,1) -> 45658 | U28: =T28+31 -> 45689 | V28: =U28+28 -> 45717 | W28: =V28+31 -> 45748 | X28: =W28+30 -> 45778 | Y28: =X28+31 -> 45809 | Z28: =Y28+30 -> 45839 | AA28: =Z28+31 -> 45870 | AB28: =AA28+31 -> 45901 | AC28: =AB28+30 -> 45931 | AD28: =AC28+31 -> 45962 | AE28: =AD28+30 -> 45992 | AF28: Total | AG28: Line | AH28: Description | AI28: =AJ28-31 -> 45992 | AJ28: =DATE(Year2,1,1) -> 46023 | AK28: =AJ28+31 -> 46054 | AL28: =AK28+29 -> 46083 | AM28: =AL28+31 -> 46114 | AN28: =AM28+30 -> 46144 | AO28: =AN28+31 -> 46175 | AP28: =AO28+30 -> 46205 | AQ28: =AP28+31 -> 46236 | AR28: =AQ28+31 -> 46267 | AS28: =AR28+30 -> 46297 | AT28: =AS28+31 -> 46328 | AU28: =AT28+30 -> 46358 | AV28: Total | AW28: Line | AX28: Description | AY28: =AZ28-31 -> 46357 | AZ28: =DATE(Year3,1,1) -> 46388 | BA28: =AZ28+31 -> 46419 | BB28: =BA28+29 -> 46448 | BC28: =BB28+31 -> 46479 | BD28: =BC28+30 -> 46509 | BE28: =BD28+31 -> 46540 | BF28: =BE28+30 -> 46570 | BG28: =BF28+31 -> 46601 | BH28: =BG28+31 -> 46632 | BI28: =BH28+30 -> 46662 | BJ28: =BI28+31 -> 46693 | BK28: =BJ28+30 -> 46723 | BL28: Total
A30: =Res!A30 -> 1 | B30: =Res!B30 -> SBC Revenues | D30: 0 | E30: -15.424198 | F30: -15.424198 | G30: -15.424198 | H30: -15.424198 | I30: -15.424198 | J30: -15.424198 | K30: -15.424198 | L30: -30.848397 | M30: -7.7120992 | N30: -15.424198 | O30: -25.515595 | P30: =SUM(D30:O30) -> -187.46968 | Q30: 1 | R30: =Res!R30 -> SBC Revenues | T30: 0 | U30: -17.811425 | V30: -17.811425 | W30: -17.811425 | X30: -17.811425 | Y30: -17.811425 | Z30: -17.811425 | AA30: -18.978233 | AB30: -18.978233 | AC30: -18.978233 | AD30: -18.978233 | AE30: -36.73543 | AF30: =SUM(T30:AE30) -> -219.51691 | AG30: 1 | AH30: =Res!AH30 -> SBC Revenues | AJ30: 0 | AK30: -19.752226 | AL30: -19.752226 | AM30: -19.752226 | AN30: -19.752226 | AO30: -19.752226 | AP30: -19.752226 | AQ30: -19.752226 | AR30: -19.752226 | AS30: -19.752166 | AT30: -19.752166 | AU30: -39.504333 | AV30: =SUM(AJ30:AU30) -> -237.02647 | AW30: 1 | AX30: =Res!AX30 -> SBC Revenues | AZ30: 0 | BA30: -16.431546 | BB30: -16.431546 | BC30: -16.431546 | BD30: -16.431546 | BE30: -16.431546 | BF30: -16.431546 | BG30: -16.431546 | BH30: -16.431546 | BI30: -16.431546 | BJ30: -16.431546 | BK30: -32.863092 | BL30: =SUM(AZ30:BK30) -> -197.17855
A31: =Res!A31 -> 2 | B31: =Res!B31 -> EES Revenues, 1/1/2024-6/30/2024 | D31: 0 | E31: 196.38588 | F31: 196.38588 | G31: 196.38588 | H31: 196.38588 | I31: 196.38588 | J31: 196.38588 | P31: =SUM(D31:O31) -> 1178.3153 | Q31: 2 | R31: =Res!R31 -> EES Revenues, 1/1/2025-6/30/2025 | T31: 0 | U31: -2120.7058 | V31: -2120.7058 | W31: -2120.7058 | X31: -2120.7058 | Y31: -2120.7058 | Z31: -2120.7058 | AF31: =SUM(T31:AE31) -> -12724.235 | AG31: =AG30+1 -> 2 | AH31: =Res!AH31 -> EES Revenues | AJ31: 0 | AK31: -2095.8206 | AL31: -2095.8206 | AM31: -2095.8206 | AN31: -2095.8206 | AO31: -2095.8206 | AP31: -2095.8206 | AQ31: -2095.8206 | AR31: -2095.8206 | AS31: -2095.8207 | AT31: -2095.8207 | AU31: -4191.6414 | AV31: =SUM(AJ31:AU31) -> -25149.847 | AW31: 2 | AX31: =Res!AX31 -> EES Revenues | AZ31: 0 | BA31: -2244.087 | BB31: -2244.087 | BC31: -2244.087 | BD31: -2244.087 | BE31: -2244.087 | BF31: -2244.087 | BG31: -2244.087 | BH31: -2244.087 | BI31: -2244.087 | BJ31: -2244.087 | BK31: -4488.1739 | BL31: =SUM(AZ31:BK31) -> -26929.044
A32: =Res!A32 -> 3 | B32: =Res!B32 -> EES Revenues, 7/1/2024-12/31/2024 | K32: -1558.9754 | L32: -5958.0391 | M32: -1527.0321 | N32: -3054.0643 | O32: -5515.2758 | P32: =SUM(D32:O32) -> -17613.387 | Q32: 3 | R32: =Res!R32 -> EES Revenues, 7/1/2025-12/31/2025 | AA32: -2436.1273 | AB32: -2436.1273 | AC32: -2436.1273 | AD32: -2436.1273 | AE32: -3200.7189 | AF32: =SUM(T32:AE32) -> -12945.228
A33: =Res!A33 -> 4 | B33: =Res!B33 -> FCM Revenues* | D33: -2.8911211 | E33: -4.7626914 | F33: -5.1465698 | G33: -5.8246683 | H33: -4.4582512 | I33: -7.3438168 | J33: -9.3402851 | K33: -10.025956 | L33: -8.8825383 | M33: -9.2401352 | N33: -8.2307606 | O33: -14.336887 | P33: =SUM(D33:O33) -> -90.483681 | Q33: 4 | R33: =Res!R33 -> FCM Revenues* | T33: -6.2912486 | U33: -9.4350898 | V33: -9.1898121 | W33: -8.7787181 | X33: -9.3390739 | Y33: -7.9097994 | Z33: -5.3486203 | AA33: -5.5093782 | AB33: -5.1977672 | AC33: -5.7157957 | AD33: -3.8546793 | AE33: -5.8677582 | AF33: =SUM(T33:AE33) -> -82.437741 | AG33: =AG31+1 -> 3 | AH33: =Res!AH33 -> FCM Revenues* | AJ33: -5.7096173 | AK33: -5.1997692 | AL33: -5.3164102 | AM33: -4.5029836 | AN33: -4.7950718 | AO33: -5.2755962 | AP33: -4.9012415 | AQ33: -4.2437683 | AR33: -3.9850978 | AS33: -1.3451106 | AT33: -1.3451106 | AU33: -1.3451106 | AV33: =SUM(AJ33:AU33) -> -47.964888 | AW33: 3 | AX33: =Res!AX33 -> FCM Revenues* | AZ33: -3.7784533 | BA33: -3.7784533 | BB33: -3.7784533 | BC33: -3.7784533 | BD33: -3.7784533 | BE33: -3.7784533 | BF33: -3.7784533 | BG33: -3.7784533 | BH33: -3.7784533 | BI33: -3.7784533 | BJ33: -3.7784533 | BK33: -3.7784533 | BL33: =SUM(AZ33:BK33) -> -45.341439
A34: =Res!A34 -> 5 | B34: =Res!B34 -> RGGI Revenues** | D34: -62.294605 | E34: 0 | F34: 0 | G34: -79.282645 | H34: 0 | I34: -113.62065 | J34: 0 | K34: 0 | L34: 0 | M34: 0 | N34: -94.206004 | O34: 0 | P34: =SUM(D34:O34) -> -349.4039 | Q34: 5 | R34: =Res!R34 -> RGGI Revenues** | T34: 0 | U34: -271.49101 | V34: -236.65201 | W34: 0 | X34: -186.16717 | Y34: 0 | Z34: 0 | AA34: 0 | AB34: 0 | AC34: -323.27862 | AD34: 0 | AE34: 0 | AF34: =SUM(T34:AE34) -> -1017.5888 | AG34: =AG33+1 -> 4 | AH34: =Res!AH34 -> RGGI Revenues** | AJ34: 0 | AK34: 0 | AL34: -387.96666 | AM34: 0 | AN34: -694.98939 | AO34: 0 | AP34: 0 | AQ34: 0 | AR34: -685.78958 | AS34: 0 | AT34: 0 | AU34: 0 | AV34: =SUM(AJ34:AU34) -> -1768.7456 | AW34: 4 | AX34: =Res!AX34 -> RGGI Revenues** | AZ34: 0 | BA34: 0 | BB34: -128.08129 | BC34: 0 | BD34: 0 | BE34: -128.08129 | BF34: 0 | BG34: 0 | BH34: -128.08129 | BI34: 0 | BJ34: 0 | BK34: -128.08129 | BL34: =SUM(AZ34:BK34) -> -512.32517
A35: =Res!A35 -> 6 | B35: =Res!B35 -> Other Revenues*** | D35: 0 | E35: 0 | F35: 0 | G35: 0 | H35: 0 | I35: 0 | J35: 0 | K35: 0 | L35: -0.7098 | M35: 0 | N35: 0 | O35: -0.7182 | P35: =SUM(D35:O35) -> -1.428 | Q35: 6 | R35: =Res!R35 -> Other Revenues*** | T35: 0 | U35: 0 | V35: 0 | W35: -0.954 | X35: 0 | Y35: -0.741 | Z35: 0 | AA35: -1.216 | AB35: 0 | AC35: 0 | AD35: -3.627 | AE35: 0 | AF35: =SUM(T35:AE35) -> -6.538 | AG35: =AG34+1 -> 5 | AH35: =Res!AH35 -> Other Revenues*** | AJ35: 0 | AK35: -3.666 | AL35: 0 | AM35: 0 | AN35: -1.386 | AO35: 0 | AP35: 0 | AQ35: -1.6485 | AR35: 0 | AS35: 0 | AT35: 0 | AU35: -2.0645625 | AV35: =SUM(AJ35:AU35) -> -8.7650625 | AW35: 5 | AX35: =Res!AX35 -> Other Revenues*** | AZ35: 0 | BA35: 0 | BB35: -2.0645625 | BC35: 0 | BD35: 0 | BE35: -2.0645625 | BF35: 0 | BG35: 0 | BH35: -2.0645625 | BI35: 0 | BJ35: 0 | BK35: -2.0645625 | BL35: =SUM(AZ35:BK35) -> -8.25825
A36: =Res!A36 -> 7 | B36: =Res!B36 -> Total Energy Efficiency Revenues | D36: =SUM(D30:D35) -> -65.185726 | E36: =SUM(E30:E35) -> 176.19899 | F36: =SUM(F30:F35) -> 175.81512 | G36: =SUM(G30:G35) -> 95.854373 | H36: =SUM(H30:H35) -> 176.50343 | I36: =SUM(I30:I35) -> 59.99722 | J36: =SUM(J30:J35) -> 171.6214 | K36: =SUM(K30:K35) -> -1584.4255 | ... O36: =SUM(O30:O35) -> -5555.8464 | P36: =SUM(D36:O36) -> -17063.857 | Q36: 7 | R36: =Res!R36 -> Total Energy Efficiency Revenues | T36: =SUM(T30:T35) -> -6.2912486 | U36: =SUM(U30:U35) -> -2419.4433 | V36: =SUM(V30:V35) -> -2384.359 | W36: =SUM(W30:W35) -> -2148.2499 | X36: =SUM(X30:X35) -> -2334.0235 | Y36: =SUM(Y30:Y35) -> -2147.168 | Z36: =SUM(Z30:Z35) -> -2143.8659 | AA36: =SUM(AA30:AA35) -> -2461.8309 | ... AE36: =SUM(AE30:AE35) -> -3243.3221 | AF36: =SUM(T36:AE36) -> -26995.545 | AG36: =AG35+1 -> 6 | AH36: =Res!AH36 -> Total Energy Efficiency Revenues | AJ36: =SUM(AJ30:AJ35) -> -5.7096173 | AK36: =SUM(AK30:AK35) -> -2124.4386 | AL36: =SUM(AL30:AL35) -> -2508.8559 | AM36: =SUM(AM30:AM35) -> -2120.0758 | AN36: =SUM(AN30:AN35) -> -2816.7433 | AO36: =SUM(AO30:AO35) -> -2120.8484 | AP36: =SUM(AP30:AP35) -> -2120.474 | AQ36: =SUM(AQ30:AQ35) -> -2121.4651 | ... AU36: =SUM(AU30:AU35) -> -4234.5554 | AV36: =SUM(AJ36:AU36) -> -27212.349 | AW36: 6 | AX36: =Res!AX36 -> Total Energy Efficiency Revenues | AZ36: =SUM(AZ30:AZ35) -> -3.7784533 | BA36: =SUM(BA30:BA35) -> -2264.297 | BB36: =SUM(BB30:BB35) -> -2394.4428 | BC36: =SUM(BC30:BC35) -> -2264.297 | BD36: =SUM(BD30:BD35) -> -2264.297 | BE36: =SUM(BE30:BE35) -> -2394.4428 | BF36: =SUM(BF30:BF35) -> -2264.297 | BG36: =SUM(BG30:BG35) -> -2264.297 | ... BK36: =SUM(BK30:BK35) -> -4654.9613 | BL36: =SUM(AZ36:BK36) -> -27692.147
Q38: =Res!Q38 -> 8 | R38: =Res!R38 -> Energy Efficiency Expenditures - PA Models | T38: =T40-T39 -> 73.312561 | U38: =U40-U39 -> 1247.696 | V38: =V40-V39 -> 1946.1266 | W38: =W40-W39 -> 2177.6053 | X38: =X40-X39 -> 2453.4404 | Y38: =Y40-Y39 -> 92.852177 | Z38: =Z40-Z39 -> 2629.1053 | AA38: =AA40-AA39 -> 2670.532 | ... AE38: =AE40-AE39 -> 4399.7675 | AF38: =SUM(T38:AE38) -> 23034.032 | AG38: =Res!AG38 -> 7 | AH38: =Res!AH38 -> Energy Efficiency Expenditures - PA Models | AJ38: =AJ40-AJ39 -> 82.787024 | AK38: =AK40-AK39 -> 96.493391 | AL38: =AL40-AL39 -> 896.73373 | AM38: =AM40-AM39 -> 1530.154 | AN38: =AN40-AN39 -> 1523.1113 | AO38: =AO40-AO39 -> 1389.6031 | AP38: =AP40-AP39 -> 1249.6492 | AQ38: =AQ40-AQ39 -> 1315.7793 | ... AU38: =AU40-AU39 -> 5208.616 | AV38: =SUM(AJ38:AU38) -> 25629.557 | AW38: =Res!AW38 -> 7 | AX38: =Res!AX38 -> Energy Efficiency Expenditures - PA Models | AZ38: =AZ40-AZ39 -> 2384.1988 | BA38: =BA40-BA39 -> 2384.1988 | BB38: =BB40-BB39 -> 2384.1988 | BC38: =BC40-BC39 -> 2384.1988 | BD38: =BD40-BD39 -> 2384.1988 | BE38: =BE40-BE39 -> 2384.1988 | BF38: =BF40-BF39 -> 2384.1988 | BG38: =BG40-BG39 -> 2384.1988 | ... BK38: =BK40-BK39 -> 2384.1988 | BL38: =SUM(AZ38:BK38) -> 28610.385
Q39: =Res!Q39 -> 9 | R39: =Res!R39 -> Energy Efficiency Expenditures - Electrification Pool | T39: 0 | U39: 0 | V39: 0 | W39: 0 | X39: 0 | Y39: 0 | Z39: 0 | AA39: 0 | AB39: 0 | AC39: 0 | AD39: 0 | AE39: 0 | AF39: =SUM(T39:AE39) -> 0 | AG39: =Res!AG39 -> 8 | AH39: =Res!AH39 -> Energy Efficiency Expenditures - Electrification Pool | AJ39: 0 | AK39: 0 | AL39: 0 | AM39: 0 | AN39: 0 | AO39: 0 | AP39: 0 | AQ39: 0 | AR39: 0 | AS39: 0 | AT39: 0 | AU39: 0 | AV39: =SUM(AJ39:AU39) -> 0 | AW39: =Res!AW39 -> 8 | AX39: =Res!AX39 -> Energy Efficiency Expenditures - Electrification Pool | AZ39: 0 | BA39: 0 | BB39: 0 | BC39: 0 | BD39: 0 | BE39: 0 | BF39: 0 | BG39: 0 | BH39: 0 | BI39: 0 | BJ39: 0 | BK39: 0 | BL39: =SUM(AZ39:BK39) -> 0
A40: =Res!A40 -> 8 | B40: =Res!B40 -> Total Energy Efficiency Expenses | D40: 6.2999881 | E40: 450.45012 | F40: 2215.5229 | G40: 885.00651 | H40: 1834.5809 | I40: 888.73667 | J40: 3038.7621 | K40: 177.25234 | L40: 234.96052 | M40: 2891.2734 | N40: 2311.5711 | O40: 3575.4208 | P40: =SUM(D40:O40) -> 18509.837 | Q40: =Res!Q40 -> 10 | R40: =Res!R40 -> Total Energy Efficiency Expenses | T40: 73.312561 | U40: 1247.696 | V40: 1946.1266 | W40: 2177.6053 | X40: 2453.4404 | Y40: 92.852177 | Z40: 2629.1053 | AA40: 2670.532 | AB40: 1236.1979 | AC40: 2101.4567 | AD40: 2005.9395 | AE40: 4399.7675 | AF40: =SUM(T40:AE40) -> 23034.032 | AG40: =Res!AG40 -> 9 | AH40: =Res!AH40 -> Total Energy Efficiency Expenses | AJ40: 82.787024 | AK40: 96.493391 | AL40: 896.73373 | AM40: 1530.154 | AN40: 1523.1113 | AO40: 1389.6031 | AP40: 1249.6492 | AQ40: 1315.7793 | AR40: 1919.3977 | AS40: 5208.616 | AT40: 5208.616 | AU40: 5208.616 | AV40: =SUM(AJ40:AU40) -> 25629.557 | AW40: =Res!AW40 -> 9 | AX40: =Res!AX40 -> Total Energy Efficiency Expenses | AZ40: 2384.1988 | BA40: 2384.1988 | BB40: 2384.1988 | BC40: 2384.1988 | BD40: 2384.1988 | BE40: 2384.1988 | BF40: 2384.1988 | BG40: 2384.1988 | BH40: 2384.1988 | BI40: 2384.1988 | BJ40: 2384.1988 | BK40: 2384.1988 | BL40: =SUM(AZ40:BK40) -> 28610.385
A42: =Res!A42 -> 9 | B42: =Res!B42 -> Deferral (Over)/Under Recovery | D42: =D36+D40 -> -58.885738 | E42: =E36+E40 -> 626.64912 | F42: =F36+F40 -> 2391.338 | G42: =G36+G40 -> 980.86088 | H42: =H36+H40 -> 2011.0844 | I42: =I36+I40 -> 948.73389 | J42: =J36+J40 -> 3210.3835 | K42: =K36+K40 -> -1407.1732 | ... O42: =O36+O40 -> -1980.4257 | Q42: =Res!Q42 -> 11 | R42: =Res!R42 -> Deferral (Over)/Under Recovery | T42: =T36+T40 -> 67.021313 | U42: =U36+U40 -> -1171.7473 | V42: =V36+V40 -> -438.2324 | W42: =W36+W40 -> 29.355371 | X42: =X36+X40 -> 119.41692 | Y42: =Y36+Y40 -> -2054.3159 | Z42: =Z36+Z40 -> 485.23941 | AA42: =AA36+AA40 -> 208.70106 | ... AE42: =AE36+AE40 -> 1156.4454 | AG42: =Res!AG42 -> 10 | AH42: =Res!AH42 -> Deferral (Over)/Under Recovery | AJ42: =AJ36+AJ40 -> 77.077407 | AK42: =AK36+AK40 -> -2027.9452 | AL42: =AL36+AL40 -> -1612.1221 | AM42: =AM36+AM40 -> -589.92176 | AN42: =AN36+AN40 -> -1293.632 | AO42: =AO36+AO40 -> -731.24529 | AP42: =AP36+AP40 -> -870.82489 | AQ42: =AQ36+AQ40 -> -805.68577 | ... AU42: =AU36+AU40 -> 974.06055 | AW42: =Res!AW42 -> 10 | AX42: =Res!AX42 -> Deferral (Over)/Under Recovery | AZ42: =AZ36+AZ40 -> 2380.4203 | BA42: =BA36+BA40 -> 119.90181 | BB42: =BB36+BB40 -> -10.244044 | BC42: =BC36+BC40 -> 119.90181 | BD42: =BD36+BD40 -> 119.90181 | BE42: =BE36+BE40 -> -10.244044 | BF42: =BF36+BF40 -> 119.90181 | BG42: =BG36+BG40 -> 119.90181 | ... BK42: =BK36+BK40 -> -2270.7626
A43: =Res!A43 -> 10 | B43: =Res!B43 -> Interest on Deferral Balance | D43: -10.857912 | E43: -7.927365 | F43: -7.431468 | G43: -6.276163 | H43: -6.365111 | I43: -6.054148 | J43: -4.347282 | K43: -3.450468 | L43: -3.973777 | M43: -3.958524 | N43: -3.575432 | O43: -2.450855 | P43: =SUM(D43:O43) -> -66.668505 | Q43: =Res!Q43 -> 12 | R43: =Res!R43 -> Interest on Deferral Balance | T43: -7.913912 | U43: -4.249036 | V43: -5.374374 | W43: -5.891852 | X43: -6.629109 | Y43: -7.190518 | Z43: -8.37543 | AA43: -8.425878 | AB43: -7.938856 | AC43: -9.104585 | AD43: -9.111026 | AE43: -9.157913 | AF43: =SUM(T43:AE43) -> -89.362489 | AG43: =Res!AG43 -> 11 | AH43: =Res!AH43 -> Interest on Deferral Balance | AJ43: -9.19556 | AK43: -8.188753 | AL43: -8.693322 | AM43: -8.538934 | AN43: -9.071859 | AO43: -10.909747 | AP43: -11.88625 | AQ43: -12.514709 | AR43: -11.316781 | AS43: =IF(AS27="Planned",(AR44+AS42/2)*AS45/12,"Update to Actuals") -> -16.867677 | AT43: =IF(AT27="Planned",(AS44+AT42/2)*AT45/12,"Update to Actuals") -> -8.9499886 | AU43: =IF(AU27="Planned",(AT44+AU42/2)*AU45/12,"Update to Actuals") -> -3.7383707 | AV43: =SUM(AJ43:AU43) -> -119.87195 | AW43: =Res!AW43 -> 11 | AX43: =Res!AX43 -> Interest on Deferral Balance | AZ43: =IF(AZ27="Planned",(AY44+AZ42/2)*AZ45/12,"Update to Actuals") -> 0.57089708 | BA43: =IF(BA27="Planned",(AZ44+BA42/2)*BA45/12,"Update to Actuals") -> 3.7915319 | BB43: =IF(BB27="Planned",(BA44+BB42/2)*BB45/12,"Update to Actuals") -> 3.9424794 | BC43: =IF(BC27="Planned",(BB44+BC42/2)*BC45/12,"Update to Actuals") -> 4.0938157 | BD43: =IF(BD27="Planned",(BC44+BD42/2)*BD45/12,"Update to Actuals") -> 4.4131044 | BE43: =IF(BE27="Planned",(BD44+BE42/2)*BE45/12,"Update to Actuals") -> 4.5656526 | BF43: =IF(BF27="Planned",(BE44+BF42/2)*BF45/12,"Update to Actuals") -> 4.7185935 | BG43: =IF(BG27="Planned",(BF44+BG42/2)*BG45/12,"Update to Actuals") -> 5.039491 | ... BK43: =IF(BK27="Planned",(BJ44+BK42/2)*BK45/12,"Update to Actuals") -> 2.9160978 | BL43: =SUM(AZ43:BK43) -> 50.264255
A44: =Res!A44 -> 11 | B44: =Res!B44 -> (Over)/Under Ending Balance | C44: 3405.7251 | D44: =C44+D42+D43 -> 3335.9814 | E44: =D44+E42+E43 -> 3954.7032 | F44: =E44+F42+F43 -> 6338.6097 | G44: =F44+G42+G43 -> 7313.1944 | H44: =G44+H42+H43 -> 9317.9137 | I44: =H44+I42+I43 -> 10260.593 | J44: =I44+J42+J43 -> 13466.63 | K44: =J44+K42+K43 -> 12056.006 | ... O44: =N44+O42+O43 -> 4785.0373 | Q44: =Res!Q44 -> 13 | R44: =Res!R44 -> (Over)/Under Ending Balance | S44: =O44 -> 4785.0373 | T44: =S44+T42+T43 -> 4844.1447 | U44: =T44+U42+U43 -> 3668.1483 | V44: =U44+V42+V43 -> 3224.5416 | W44: =V44+W42+W43 -> 3248.0051 | X44: =W44+X42+X43 -> 3360.7929 | Y44: =X44+Y42+Y43 -> 1299.2865 | Z44: =Y44+Z42+Z43 -> 1776.1505 | AA44: =Z44+AA42+AA43 -> 1976.4257 | ... AE44: =AD44+AE42+AE43 -> 734.16222 | AG44: =Res!AG44 -> 12 | AH44: =Res!AH44 -> (Over)/Under Ending Balance | AI44: =AE44 -> 734.16222 | AJ44: =AI44+AJ42+AJ43 -> 802.04406 | AK44: =AJ44+AK42+AK43 -> -1234.0899 | AL44: =AK44+AL42+AL43 -> -2854.9053 | AM44: =AL44+AM42+AM43 -> -3453.366 | AN44: =AM44+AN42+AN43 -> -4756.0698 | AO44: =AN44+AO42+AO43 -> -5498.2249 | AP44: =AO44+AP42+AP43 -> -6380.936 | AQ44: =AP44+AQ42+AQ43 -> -7199.1365 | ... AU44: =AT44+AU42+AU43 -> -968.50255 | AW44: =Res!AW44 -> 12 | AX44: =Res!AX44 -> (Over)/Under Ending Balance | AY44: =AU44 -> -968.50255 | AZ44: =AY44+AZ42+AZ43 -> 1412.4887 | BA44: =AZ44+BA42+BA43 -> 1536.182 | BB44: =BA44+BB42+BB43 -> 1529.8804 | BC44: =BB44+BC42+BC43 -> 1653.8761 | BD44: =BC44+BD42+BD43 -> 1778.191 | BE44: =BD44+BE42+BE43 -> 1772.5126 | BF44: =BE44+BF42+BF43 -> 1897.133 | BG44: =BF44+BG42+BG43 -> 2022.0743 | ... BK44: =BJ44+BK42+BK43 -> -5.2455817e-12
A45: =Res!A45 -> 12 | B45: =Res!B45 -> Interest Rate Applied to Deferral Balance | D45: =Res!D45 -> 0.0429 | E45: =Res!E45 -> 0.0433 | F45: =Res!F45 -> 0.0425 | G45: =Res!G45 -> 0.0424 | H45: =Res!H45 -> 0.0408 | I45: =Res!I45 -> 0.0453 | J45: =Res!J45 -> 0.0441 | K45: =Res!K45 -> 0.0392 | ... O45: =Res!O45 -> 0.0413 | Q45: =Res!Q45 -> 14 | R45: =Res!R45 -> Interest Rate Applied to Deferral Balance | T45: =Res!T45 -> 0.0396 | U45: =Res!U45 -> 0.0296 | V45: =Res!V45 -> 0.0381 | W45: =Res!W45 -> 0.0372 | X45: =Res!X45 -> 0.0357 | Y45: =Res!Y45 -> 0.0371 | Z45: =Res!Z45 -> 0.0352 | AA45: =Res!AA45 -> 0.0341 | ... AE45: =Res!AE45 -> 0.0329 | AG45: =Res!AG45 -> 13 | AH45: =Res!AH45 -> Interest Rate Applied to Deferral Balance | AJ45: =Res!AJ45 -> 0.0316 | AK45: =Res!AK45 -> 0.0328 | AL45: =Res!AL45 -> 0.0325 | AM45: =Res!AM45 -> 0.0313 | AN45: =Res!AN45 -> 0.0305 | AO45: =Res!AO45 -> 0.0309 | AP45: =Res!AP45 -> 0.0291 | AQ45: =Res!AQ45 -> 0.0328 | ... AU45: =Res!AU45 -> 0.0309 | AW45: =Res!AW45 -> 13 | AX45: =Res!AX45 -> Interest Rate Applied to Deferral Balance | AZ45: =Res!AZ45 -> 0.0309 | BA45: =Res!BA45 -> 0.0309 | BB45: =Res!BB45 -> 0.0309 | BC45: =Res!BC45 -> 0.0309 | BD45: =Res!BD45 -> 0.0309 | BE45: =Res!BE45 -> 0.0309 | BF45: =Res!BF45 -> 0.0309 | BG45: =Res!BG45 -> 0.0309 | ... BK45: =Res!BK45 -> 0.0309
B47: =Res!B47 -> *Sector portion of revenues are allocated based on forecasted 2024 kWh sales. | R47: =Res!R47 -> *Sector portion of revenues are allocated based on forecasted 2025 kWh sales. | AH47: =Res!AH47 -> *Sector portion of revenues are allocated based on forecasted 2026 kWh sales. | AX47: =Res!AX47 -> *Sector portion of revenues are allocated based on forecasted 2027 kWh sales.
B48: =Res!B48 -> **Sector portion of revenues are allocated based on greenhouse gas reductions. | R48: =Res!R48 -> **Sector portion of revenues are allocated based on greenhouse gas reductions. | AH48: =Res!AH48 -> **Sector portion of revenues are allocated based on greenhouse gas reductions. | AX48: =Res!AX48 -> **Sector portion of revenues are allocated based on greenhouse gas reductions.
B49: =Res!B49 -> ***Other Revenue represents any RPS and APS credits associated with CVEO participants. | R49: =Res!R49 -> ***Other Revenue represents any RPS and APS credits associated with CVEO participants. | AH49: ***Other Revenue represents any RPS and APS credits associated with CVEO participants. | AX49: =AH49 -> ***Other Revenue represents any RPS and APS credits associated with CVEO participants.

Sheet CI
C1: Cape Light Compact JPE
C2: 2027 Commercial & Industrial Energy Efficiency Revenue Requirement
C3: $ in Thousands
F5: FCM, RGGI, | J5: Billed
D6: EE | E6: EE Charge | F6: & Other | G6: Forecasted | H6: Reconciliation | I6: Interest | J6: Total
C7: Year | D7: Expenses | E7: Revenues | F7: Revenues | G7: EERF Revenues | H7: with Interest | I7: on Deferral | J7: EERF
C8: Col. A | D8: Col. B | E8: Col. C | F8: Col. D | G8: Col. E | H8: Col. F | I8: Col. G | J8: Col. H
D9: EEE | E9: EEC | F9: OR | H9: PPRA | I9: I
C10: =Year3 -> 2027 | D10: =BL40 -> 19654.75 | E10: =($BL$30) -> -1747.7618 | F10: =$BL$33+$BL$34+$BL$35 -> -1620.3319 | G10: 0 | H10: =$AU$44 -> -5085.1085 | I10: =BL43 -> -45.360492 | J10: =SUM(D10:I10) -> 11156.188
C13: Col. A: | D13: =Res!D13 -> Effective year (January 1, 2027 - December 31, 2027).
C14: Col. B: | D14: 2027 Commercial & Industrial Monthly Deferral, Line 9, Cols. N.
C15: Col. C: | D15: 2027 Commercial & Industrial Monthly Deferral, Line 1, Cols. N.
C16: Col. D: | D16: 2027 Commercial & Industrial Monthly Deferral, Line 3, Cols. N + Line 4, Cols. N + Line 5, Cols. N.
C17: Col. E: | D17: 2027 Commercial & Industrial Monthly Deferral, Line 2, Cols. N
C18: Col. F: | D18: 2027 Commercial & Industrial Monthly Deferral, Line 12, Cols. A.
C19: Col. G: | D19: 2027 Commercial & Industrial Monthly Deferral, Line 11, Cols. N.
C20: Col. H: | D20: =Res!D20 -> Col. B + Col. C + Col. D + Col. E + Col. F. + Col. G.
A23: Cape Light Compact JPE | Q23: Cape Light Compact JPE | AG23: Cape Light Compact JPE | AW23: Cape Light Compact JPE
A24: =Year1-1&" Commercial & Industrial Monthly EES Deferral" -> 2024 Commercial & Industrial Monthly EES Deferral | Q24: =Year1&" Commercial & Industrial Monthly EES Deferral" -> 2025 Commercial & Industrial Monthly EES Deferral | AG24: =Year2&" Commercial & Industrial Monthly EES Deferral" -> 2026 Commercial & Industrial Monthly EES Deferral | AW24: =Year3&" Commercial & Industrial Monthly EES Deferral" -> 2027 Commercial & Industrial Monthly EES Deferral
A25: $ in Thousands | Q25: $ in Thousands | AG25: $ in Thousands | AW25: $ in Thousands
C26: Col. A | D26: Col. B | E26: Col. C | F26: Col. D | G26: Col. E | H26: Col. F | I26: Col. G | J26: Col. H | K26: Col. I | L26: Col. J | M26: Col. K | N26: Col. L | O26: Col. M | P26: Col. N | S26: Col. A | T26: Col. B | U26: Col. C | V26: Col. D | W26: Col. E | X26: Col. F | Y26: Col. G | Z26: Col. H | AA26: Col. I | AB26: Col. J | AC26: Col. K | AD26: Col. L | AE26: Col. M | AF26: Col. N | AI26: Col. A | AJ26: Col. B | AK26: Col. C | AL26: Col. D | AM26: Col. E | AN26: Col. F | AO26: Col. G | AP26: Col. H | AQ26: Col. I | AR26: Col. J | AS26: Col. K | AT26: Col. L | AU26: Col. M | AV26: Col. N | AY26: Col. A | AZ26: Col. B | BA26: Col. C | BB26: Col. D | BC26: Col. E | BD26: Col. F | BE26: Col. G | BF26: Col. H | BG26: Col. I | BH26: Col. J | BI26: Col. K | BJ26: Col. L | BK26: Col. M | BL26: Col. N
C27: =Res!C27 -> Actual | D27: =Res!D27 -> Actual | E27: =Res!E27 -> Actual | F27: =Res!F27 -> Actual | G27: =Res!G27 -> Actual | H27: =Res!H27 -> Actual | I27: =Res!I27 -> Actual | J27: =Res!J27 -> Actual | ... O27: =Res!O27 -> Actual | S27: =Res!S27 -> Actual | T27: =Res!T27 -> Actual | U27: =Res!U27 -> Actual | V27: =Res!V27 -> Actual | W27: =Res!W27 -> Actual | X27: =Res!X27 -> Actual | Y27: =Res!Y27 -> Actual | Z27: =Res!Z27 -> Actual | ... AE27: =Res!AE27 -> Actual | AI27: =Res!AI27 -> Actual | AJ27: =Res!AJ27 -> Actual | AK27: =Res!AK27 -> Actual | AL27: =Res!AL27 -> Actual | AM27: =Res!AM27 -> Actual | AN27: =Res!AN27 -> Actual | AO27: =Res!AO27 -> Actual | AP27: =Res!AP27 -> Actual | ... AU27: =Res!AU27 -> Planned | AY27: =Res!AY27 -> Planned | AZ27: =Res!AZ27 -> Planned | BA27: =Res!BA27 -> Planned | BB27: =Res!BB27 -> Planned | BC27: =Res!BC27 -> Planned | BD27: =Res!BD27 -> Planned | BE27: =Res!BE27 -> Planned | BF27: =Res!BF27 -> Planned | ... BK27: =Res!BK27 -> Planned
A28: Line | B28: Description | C28: =D28-31 -> 45261 | D28: =DATE(Year1-1,1,1) -> 45292 | E28: =D28+31 -> 45323 | F28: =E28+29 -> 45352 | G28: =F28+31 -> 45383 | H28: =G28+30 -> 45413 | I28: =H28+31 -> 45444 | J28: =I28+30 -> 45474 | K28: =J28+31 -> 45505 | L28: =K28+31 -> 45536 | M28: =L28+30 -> 45566 | N28: =M28+31 -> 45597 | O28: =N28+30 -> 45627 | P28: Total | Q28: Line | R28: Description | S28: =T28-31 -> 45627 | T28: =DATE(Year1,1,1) -> 45658 | U28: =T28+31 -> 45689 | V28: =U28+28 -> 45717 | W28: =V28+31 -> 45748 | X28: =W28+30 -> 45778 | Y28: =X28+31 -> 45809 | Z28: =Y28+30 -> 45839 | AA28: =Z28+31 -> 45870 | AB28: =AA28+31 -> 45901 | AC28: =AB28+30 -> 45931 | AD28: =AC28+31 -> 45962 | AE28: =AD28+30 -> 45992 | AF28: Total | AG28: Line | AH28: Description | AI28: =AJ28-31 -> 45992 | AJ28: =DATE(Year2,1,1) -> 46023 | AK28: =AJ28+31 -> 46054 | AL28: =AK28+29 -> 46083 | AM28: =AL28+31 -> 46114 | AN28: =AM28+30 -> 46144 | AO28: =AN28+31 -> 46175 | AP28: =AO28+30 -> 46205 | AQ28: =AP28+31 -> 46236 | AR28: =AQ28+31 -> 46267 | AS28: =AR28+30 -> 46297 | AT28: =AS28+31 -> 46328 | AU28: =AT28+30 -> 46358 | AV28: Total | AW28: Line | AX28: Description | AY28: =AZ28-31 -> 46357 | AZ28: =DATE(Year3,1,1) -> 46388 | BA28: =AZ28+31 -> 46419 | BB28: =BA28+29 -> 46448 | BC28: =BB28+31 -> 46479 | BD28: =BC28+30 -> 46509 | BE28: =BD28+31 -> 46540 | BF28: =BE28+30 -> 46570 | BG28: =BF28+31 -> 46601 | BH28: =BG28+31 -> 46632 | BI28: =BH28+30 -> 46662 | BJ28: =BI28+31 -> 46693 | BK28: =BJ28+30 -> 46723 | BL28: Total
A30: =Res!A30 -> 1 | B30: =Res!B30 -> SBC Revenues | D30: 0 | E30: -161.3417 | F30: -161.3417 | G30: -161.3417 | H30: -161.3417 | I30: -161.3417 | J30: -161.3417 | K30: -161.3417 | L30: -322.6834 | M30: -80.670849 | N30: -161.3417 | O30: -266.9007 | P30: =SUM(D30:O30) -> -1960.9885 | Q30: 1 | R30: =Res!R30 -> SBC Revenues | T30: 0 | U30: -158.26402 | V30: -158.26402 | W30: -158.26402 | X30: -158.26402 | Y30: -158.26402 | Z30: -158.26402 | AA30: -168.63174 | AB30: -168.63174 | AC30: -168.63174 | AD30: -168.63174 | AE30: -326.41391 | AF30: =SUM(T30:AE30) -> -1950.525 | AG30: 1 | AH30: =Res!AH30 -> SBC Revenues | AJ30: 0 | AK30: -167.53618 | AL30: -167.53618 | AM30: -167.53618 | AN30: -167.53618 | AO30: -167.53618 | AP30: -167.53618 | AQ30: -167.53618 | AR30: -167.53618 | AS30: -167.53568 | AT30: -167.53568 | AU30: -335.07136 | AV30: =SUM(AJ30:AU30) -> -2010.4322 | AW30: 1 | AX30: =Res!AX30 -> SBC Revenues | AZ30: 0 | BA30: -145.64681 | BB30: -145.64681 | BC30: -145.64681 | BD30: -145.64681 | BE30: -145.64681 | BF30: -145.64681 | BG30: -145.64681 | BH30: -145.64681 | BI30: -145.64681 | BJ30: -145.64681 | BK30: -291.29363 | BL30: =SUM(AZ30:BK30) -> -1747.7618
A31: =Res!A31 -> 2 | B31: =Res!B31 -> EES Revenues, 1/1/2024-6/30/2024 | D31: 0 | E31: -825.05539 | F31: -825.05539 | G31: -825.05539 | H31: -825.05539 | I31: -825.05539 | J31: -825.05539 | P31: =SUM(D31:O31) -> -4950.3324 | Q31: 2 | R31: =Res!R31 -> EES Revenues, 1/1/2025-6/30/2025 | T31: 0 | U31: -976.54522 | V31: -976.54522 | W31: -976.54522 | X31: -976.54522 | Y31: -976.54522 | Z31: -976.54522 | AF31: =SUM(T31:AE31) -> -5859.2713 | AG31: =AG30+1 -> 2 | AH31: =Res!AH31 -> EES Revenues | AJ31: 0 | AK31: -766.69925 | AL31: -766.69925 | AM31: -766.69925 | AN31: -766.69925 | AO31: -766.69925 | AP31: -766.69925 | AQ31: -766.69925 | AR31: -766.69925 | AS31: -766.69929 | AT31: -766.69929 | AU31: -1533.3986 | AV31: =SUM(AJ31:AU31) -> -9200.3912 | AW31: 2 | AX31: =Res!AX31 -> EES Revenues | AZ31: 0 | BA31: -929.68232 | BB31: -929.68232 | BC31: -929.68232 | BD31: -929.68232 | BE31: -929.68232 | BF31: -929.68232 | BG31: -929.68232 | BH31: -929.68232 | BI31: -929.68232 | BJ31: -929.68232 | BK31: -1859.3646 | BL31: =SUM(AZ31:BK31) -> -11156.188
A32: =Res!A32 -> 3 | B32: =Res!B32 -> EES Revenues, 7/1/2024-12/31/2024 | K32: 220.96434 | L32: 844.47399 | M32: 216.4368 | N32: 432.87361 | O32: 781.71809 | P32: =SUM(D32:O32) -> 2496.4668 | Q32: 3 | R32: =Res!R32 -> EES Revenues, 7/1/2025-12/31/2025 | AA32: -519.25046 | AB32: -519.25046 | AC32: -519.25046 | AD32: -519.25046 | AE32: -682.21999 | AF32: =SUM(T32:AE32) -> -2759.2218
A33: =Res!A33 -> 4 | B33: =Res!B33 -> FCM Revenues* | D33: -30.241986 | E33: -49.819168 | F33: -53.83465 | G33: -60.927761 | H33: -46.634633 | I33: -76.818506 | J33: -97.702157 | K33: -104.87448 | L33: -92.91399 | M33: -96.65456 | N33: -86.096202 | O33: -149.9681 | P33: =SUM(D33:O33) -> -946.4862 | Q33: 4 | R33: =Res!R33 -> FCM Revenues* | T33: -61.339371 | U33: -91.991672 | V33: -89.600226 | W33: -85.592079 | X33: -91.055521 | Y33: -77.120164 | Z33: -52.148791 | AA33: -53.716172 | AB33: -50.677981 | AC33: -55.728733 | AD33: -37.582938 | AE33: -57.21036 | AF33: =SUM(T33:AE33) -> -803.76401 | AG33: =AG31+1 -> 3 | AH33: =Res!AH33 -> FCM Revenues* | AJ33: -54.440682 | AK33: -49.579327 | AL33: -50.691489 | AM33: -42.93554 | AN33: -45.720574 | AO33: -50.302331 | AP33: -46.732892 | AQ33: -40.463945 | AR33: -37.997545 | AS33: -12.825507 | AT33: -12.825507 | AU33: -12.825507 | AV33: =SUM(AJ33:AU33) -> -457.34085 | AW33: 3 | AX33: =Res!AX33 -> FCM Revenues* | AZ33: -35.024251 | BA33: -35.024251 | BB33: -35.024251 | BC33: -35.024251 | BD33: -35.024251 | BE33: -35.024251 | BF33: -35.024251 | BG33: -35.024251 | BH33: -35.024251 | BI33: -35.024251 | BJ33: -35.024251 | BK33: -35.024251 | BL33: =SUM(AZ33:BK33) -> -420.29101
A34: =Res!A34 -> 5 | B34: =Res!B34 -> RGGI Revenues** | D34: -651.62007 | E34: 0 | F34: 0 | G34: -829.32003 | H34: 0 | I34: -1188.5058 | J34: 0 | K34: 0 | L34: 0 | M34: 0 | N34: -985.42279 | O34: 0 | P34: =SUM(D34:O34) -> -3654.8686 | Q34: 5 | R34: =Res!R34 -> RGGI Revenues** | T34: 0 | U34: -635.92489 | V34: -554.32002 | W34: 0 | X34: -436.06723 | Y34: 0 | Z34: 0 | AA34: 0 | AB34: 0 | AC34: -757.22919 | AD34: 0 | AE34: 0 | AF34: =SUM(T34:AE34) -> -2383.5413 | AG34: =AG33+1 -> 4 | AH34: =Res!AH34 -> RGGI Revenues** | AJ34: 0 | AK34: 0 | AL34: -908.75073 | AM34: 0 | AN34: -1627.9031 | AO34: 0 | AP34: 0 | AQ34: 0 | AR34: -1606.354 | AS34: 0 | AT34: 0 | AU34: 0 | AV34: =SUM(AJ34:AU34) -> -4143.0078 | AW34: 4 | AX34: =Res!AX34 -> RGGI Revenues** | AZ34: 0 | BA34: 0 | BB34: -300.01023 | BC34: 0 | BD34: 0 | BE34: -300.01023 | BF34: 0 | BG34: 0 | BH34: -300.01023 | BI34: 0 | BJ34: 0 | BK34: -300.01023 | BL34: =SUM(AZ34:BK34) -> -1200.0409
A35: =Res!A35 -> 6 | B35: Other Revenues | D35: 0 | E35: 0 | F35: 0 | G35: 0 | H35: 0 | I35: 0 | J35: 0 | K35: 0 | L35: 0 | M35: 0 | N35: 0 | O35: 0 | P35: =SUM(D35:O35) -> 0 | Q35: 6 | R35: Other Revenues | T35: 0 | U35: 0 | V35: 0 | W35: 0 | X35: 0 | Y35: 0 | Z35: 0 | AA35: 0 | AB35: 0 | AC35: 0 | AD35: 0 | AE35: 0 | AF35: =SUM(T35:AE35) -> 0 | AG35: =AG34+1 -> 5 | AH35: Other Revenues | AJ35: 0 | AK35: 0 | AL35: 0 | AM35: 0 | AN35: 0 | AO35: 0 | AP35: 0 | AQ35: 0 | AR35: 0 | AS35: 0 | AT35: 0 | AU35: 0 | AV35: =SUM(AJ35:AU35) -> 0 | AW35: 5 | AX35: Other Revenues | AZ35: 0 | BA35: 0 | BB35: 0 | BC35: 0 | BD35: 0 | BE35: 0 | BF35: 0 | BG35: 0 | BH35: 0 | BI35: 0 | BJ35: 0 | BK35: 0 | BL35: =SUM(AZ35:BK35) -> 0
A36: =Res!A36 -> 7 | B36: =Res!B36 -> Total Energy Efficiency Revenues | D36: =SUM(D30:D35) -> -681.86206 | E36: =SUM(E30:E35) -> -1036.2163 | F36: =SUM(F30:F35) -> -1040.2317 | G36: =SUM(G30:G35) -> -1876.6449 | H36: =SUM(H30:H35) -> -1033.0317 | I36: =SUM(I30:I35) -> -2251.7213 | J36: =SUM(J30:J35) -> -1084.0992 | K36: =SUM(K30:K35) -> -45.251843 | ... O36: =SUM(O30:O35) -> 364.84929 | P36: =SUM(D36:O36) -> -9016.2089 | Q36: 7 | R36: =Res!R36 -> Total Energy Efficiency Revenues | T36: =SUM(T30:T35) -> -61.339371 | U36: =SUM(U30:U35) -> -1862.7258 | V36: =SUM(V30:V35) -> -1778.7295 | W36: =SUM(W30:W35) -> -1220.4013 | X36: =SUM(X30:X35) -> -1661.932 | Y36: =SUM(Y30:Y35) -> -1211.9294 | Z36: =SUM(Z30:Z35) -> -1186.958 | AA36: =SUM(AA30:AA35) -> -741.59836 | ... AE36: =SUM(AE30:AE35) -> -1065.8443 | AF36: =SUM(T36:AE36) -> -13756.323 | AG36: =AG35+1 -> 6 | AH36: =Res!AH36 -> Total Energy Efficiency Revenues | AJ36: =SUM(AJ30:AJ35) -> -54.440682 | AK36: =SUM(AK30:AK35) -> -983.81476 | AL36: =SUM(AL30:AL35) -> -1893.6777 | AM36: =SUM(AM30:AM35) -> -977.17097 | AN36: =SUM(AN30:AN35) -> -2607.8591 | AO36: =SUM(AO30:AO35) -> -984.53776 | AP36: =SUM(AP30:AP35) -> -980.96833 | AQ36: =SUM(AQ30:AQ35) -> -974.69938 | ... AU36: =SUM(AU30:AU35) -> -1881.2955 | AV36: =SUM(AJ36:AU36) -> -15811.172 | AW36: 6 | AX36: =Res!AX36 -> Total Energy Efficiency Revenues | AZ36: =SUM(AZ30:AZ35) -> -35.024251 | BA36: =SUM(BA30:BA35) -> -1110.3534 | BB36: =SUM(BB30:BB35) -> -1410.3636 | BC36: =SUM(BC30:BC35) -> -1110.3534 | BD36: =SUM(BD30:BD35) -> -1110.3534 | BE36: =SUM(BE30:BE35) -> -1410.3636 | BF36: =SUM(BF30:BF35) -> -1110.3534 | BG36: =SUM(BG30:BG35) -> -1110.3534 | ... BK36: =SUM(BK30:BK35) -> -2485.6927 | BL36: =SUM(AZ36:BK36) -> -14524.281
Q38: =Res!Q38 -> 8 | R38: =Res!R38 -> Energy Efficiency Expenditures - PA Models | T38: =T40-T39 -> 93.483754 | U38: =U40-U39 -> 182.873 | V38: =V40-V39 -> 1316.4731 | W38: =W40-W39 -> 925.99709 | X38: =X40-X39 -> 1163.2333 | Y38: =Y40-Y39 -> 949.93931 | Z38: =Z40-Z39 -> 716.46572 | AA38: =AA40-AA39 -> 847.65353 | ... AE38: =AE40-AE39 -> 1582.3286 | AF38: =SUM(T38:AE38) -> 9069.491 | AG38: =Res!AG38 -> 7 | AH38: =Res!AH38 -> Energy Efficiency Expenditures - PA Models | AJ38: =AJ40-AJ39 -> 83.310459 | AK38: =AK40-AK39 -> 341.79706 | AL38: =AL40-AL39 -> 484.75218 | AM38: =AM40-AM39 -> 1234.7434 | AN38: =AN40-AN39 -> 686.2999 | AO38: =AO40-AO39 -> 544.50578 | AP38: =AP40-AP39 -> 1247.5968 | AQ38: =AQ40-AQ39 -> 445.43015 | ... AU38: =AU40-AU39 -> 3593.9793 | AV38: =SUM(AJ38:AU38) -> 16268.557 | AW38: =Res!AW38 -> 7 | AX38: =Res!AX38 -> Energy Efficiency Expenditures - PA Models | AZ38: =AZ40-AZ39 -> 1553.5753 | BA38: =BA40-BA39 -> 1553.5753 | BB38: =BB40-BB39 -> 1553.5753 | BC38: =BC40-BC39 -> 1553.5753 | BD38: =BD40-BD39 -> 1553.5753 | BE38: =BE40-BE39 -> 1553.5753 | BF38: =BF40-BF39 -> 1553.5753 | BG38: =BG40-BG39 -> 1553.5753 | ... BK38: =BK40-BK39 -> 1553.5753 | BL38: =SUM(AZ38:BK38) -> 18642.904
Q39: =Res!Q39 -> 9 | R39: =Res!R39 -> Energy Efficiency Expenditures - Electrification Pool | T39: 0 | U39: 0 | V39: 0 | W39: 0 | X39: 0 | Y39: 0 | Z39: 266.185 | AA39: 84.89762 | AB39: 87.04603 | AC39: 94.97383 | AD39: 92.68353 | AE39: 282.93319 | AF39: =SUM(T39:AE39) -> 908.7192 | AG39: =Res!AG39 -> 8 | AH39: =Res!AH39 -> Energy Efficiency Expenditures - Electrification Pool | AJ39: 210.66666 | AK39: 157.82621 | AL39: 116.13928 | AM39: 151.62348 | AN39: 95.09312 | AO39: 29.00911 | AP39: 40.23512 | AQ39: 36.22798 | AR39: 25.64345 | AS39: 58.029197 | AT39: 58.029197 | AU39: 58.029197 | AV39: =SUM(AJ39:AU39) -> 1036.552 | AW39: =Res!AW39 -> 8 | AX39: =Res!AX39 -> Energy Efficiency Expenditures - Electrification Pool | AZ39: 84.320562 | BA39: 84.320562 | BB39: 84.320562 | BC39: 84.320562 | BD39: 84.320562 | BE39: 84.320562 | BF39: 84.320562 | BG39: 84.320562 | BH39: 84.320562 | BI39: 84.320562 | BJ39: 84.320562 | BK39: 84.320562 | BL39: =SUM(AZ39:BK39) -> 1011.8467
A40: =Res!A40 -> 8 | B40: =Res!B40 -> Total Energy Efficiency Expenses | D40: 45.09055 | E40: 655.0112 | F40: 1484.2063 | G40: 1128.0572 | H40: 1967.613 | I40: 1023.5233 | J40: 1891.296 | K40: 1204.7054 | L40: 208.82839 | M40: 1241.3588 | N40: 2710.5707 | O40: 6854.7578 | P40: =SUM(D40:O40) -> 20415.019 | Q40: =Res!Q40 -> 10 | R40: =Res!R40 -> Total Energy Efficiency Expenses | T40: 93.483754 | U40: 182.873 | V40: 1316.4731 | W40: 925.99709 | X40: 1163.2333 | Y40: 949.93931 | Z40: 982.65072 | AA40: 932.55115 | AB40: 534.93258 | AC40: 605.02588 | AD40: 425.78852 | AE40: 1865.2618 | AF40: =SUM(T40:AE40) -> 9978.2102 | AG40: =Res!AG40 -> 9 | AH40: =Res!AH40 -> Total Energy Efficiency Expenses | AJ40: 293.97712 | AK40: 499.62327 | AL40: 600.89146 | AM40: 1386.3669 | AN40: 781.39302 | AO40: 573.51489 | AP40: 1287.8319 | AQ40: 481.65813 | AR40: 443.82708 | AS40: 3652.0085 | AT40: 3652.0085 | AU40: 3652.0085 | AV40: =SUM(AJ40:AU40) -> 17305.109 | AW40: =Res!AW40 -> 9 | AX40: =Res!AX40 -> Total Energy Efficiency Expenses | AZ40: 1637.8959 | BA40: 1637.8959 | BB40: 1637.8959 | BC40: 1637.8959 | BD40: 1637.8959 | BE40: 1637.8959 | BF40: 1637.8959 | BG40: 1637.8959 | BH40: 1637.8959 | BI40: 1637.8959 | BJ40: 1637.8959 | BK40: 1637.8959 | BL40: =SUM(AZ40:BK40) -> 19654.75
A42: =Res!A42 -> 9 | B42: =Res!B42 -> Deferral (Over)/Under Recovery | D42: =D36+D40 -> -636.77151 | E42: =E36+E40 -> -381.20506 | F42: =F36+F40 -> 443.97459 | G42: =G36+G40 -> -748.58764 | H42: =H36+H40 -> 934.58126 | I42: =I36+I40 -> -1228.1981 | J42: =J36+J40 -> 807.19675 | K42: =K36+K40 -> 1159.4536 | ... O42: =O36+O40 -> 7219.607 | Q42: =Res!Q42 -> 11 | R42: =Res!R42 -> Deferral (Over)/Under Recovery | T42: =T36+T40 -> 32.144383 | U42: =U36+U40 -> -1679.8528 | V42: =V36+V40 -> -462.25639 | W42: =W36+W40 -> -294.40423 | X42: =X36+X40 -> -498.69868 | Y42: =Y36+Y40 -> -261.99009 | Z42: =Z36+Z40 -> -204.30731 | AA42: =AA36+AA40 -> 190.95278 | ... AE42: =AE36+AE40 -> 799.41754 | AG42: =Res!AG42 -> 10 | AH42: =Res!AH42 -> Deferral (Over)/Under Recovery | AJ42: =AJ36+AJ40 -> 239.53644 | AK42: =AK36+AK40 -> -484.19149 | AL42: =AL36+AL40 -> -1292.7862 | AM42: =AM36+AM40 -> 409.19592 | AN42: =AN36+AN40 -> -1826.4661 | AO42: =AO36+AO40 -> -411.02287 | AP42: =AP36+AP40 -> 306.86358 | AQ42: =AQ36+AQ40 -> -493.04124 | ... AU42: =AU36+AU40 -> 1770.713 | AW42: =Res!AW42 -> 10 | AX42: =Res!AX42 -> Deferral (Over)/Under Recovery | AZ42: =AZ36+AZ40 -> 1602.8716 | BA42: =BA36+BA40 -> 527.54249 | BB42: =BB36+BB40 -> 227.53226 | BC42: =BC36+BC40 -> 527.54249 | BD42: =BD36+BD40 -> 527.54249 | BE42: =BE36+BE40 -> 227.53226 | BF42: =BF36+BF40 -> 527.54249 | BG42: =BG36+BG40 -> 527.54249 | ... BK42: =BK36+BK40 -> -847.79687
A43: =Res!A43 -> 10 | B43: =Res!B43 -> Interest on Deferral Balance | D43: -61.327231 | E43: -44.775031 | F43: -41.974125 | G43: -35.448776 | H43: -35.951169 | I43: -34.1948 | J43: -24.554147 | K43: -19.488797 | L43: -22.444531 | M43: -22.358379 | N43: -20.194614 | O43: -13.842823 | P43: =SUM(D43:O43) -> -376.55442 | Q43: =Res!Q43 -> 12 | R43: =Res!R43 -> Interest on Deferral Balance | T43: -15.548309 | U43: -8.3479987 | V43: -10.558928 | W43: -11.575607 | X43: -13.024082 | Y43: -14.127071 | Z43: -16.455045 | AA43: -16.554159 | AB43: -15.597316 | AC43: -17.887602 | AD43: -17.900256 | AE43: -17.992374 | AF43: =SUM(T43:AE43) -> -175.56875 | AG43: =Res!AG43 -> 11 | AH43: =Res!AH43 -> Interest on Deferral Balance | AJ43: -20.719192 | AK43: -18.450681 | AL43: -19.587562 | AM43: -19.239699 | AN43: -20.440472 | AO43: -24.581552 | AP43: -26.781783 | AQ43: -28.19781 | AR43: -25.498671 | AS43: =IF(AS27="Planned",(AR44+AS42/2)*AS45/12,"Update to Actuals") -> -27.935996 | AT43: =IF(AT27="Planned",(AS44+AT42/2)*AT45/12,"Update to Actuals") -> -21.04269 | AU43: =IF(AU27="Planned",(AT44+AU42/2)*AU45/12,"Update to Actuals") -> -15.334461 | AV43: =SUM(AJ43:AU43) -> -267.81057 | AW43: =Res!AW43 -> 11 | AX43: =Res!AX43 -> Interest on Deferral Balance | AZ43: =IF(AZ27="Planned",(AY44+AZ42/2)*AZ45/12,"Update to Actuals") -> -11.030457 | BA43: =IF(BA27="Planned",(AZ44+BA42/2)*BA45/12,"Update to Actuals") -> -8.3159523 | BB43: =IF(BB27="Planned",(BA44+BB42/2)*BB45/12,"Update to Actuals") -> -7.3652072 | BC43: =IF(BC27="Planned",(BB44+BC42/2)*BC45/12,"Update to Actuals") -> -6.4120138 | BD43: =IF(BD27="Planned",(BC44+BD42/2)*BD45/12,"Update to Actuals") -> -5.0701029 | BE43: =IF(BE27="Planned",(BD44+BE42/2)*BE45/12,"Update to Actuals") -> -4.1109996 | BF43: =IF(BF27="Planned",(BE44+BF42/2)*BF45/12,"Update to Actuals") -> -3.1494267 | BG43: =IF(BG27="Planned",(BF44+BG42/2)*BG45/12,"Update to Actuals") -> -1.7991146 | ... BK43: =IF(BK27="Planned",(BJ44+BK42/2)*BK45/12,"Update to Actuals") -> 1.088735 | BL43: =SUM(AZ43:BK43) -> -45.360492
A44: =Res!A44 -> 11 | B44: =Res!B44 -> (Over)/Under Ending Balance | C44: -13379.808 | D44: =C44+D42+D43 -> -14077.907 | E44: =D44+E42+E43 -> -14503.887 | F44: =E44+F42+F43 -> -14101.887 | G44: =F44+G42+G43 -> -14885.923 | H44: =G44+H42+H43 -> -13987.293 | I44: =H44+I42+I43 -> -15249.686 | J44: =I44+J42+J43 -> -14467.043 | K44: =J44+K42+K43 -> -13327.079 | ... O44: =N44+O42+O43 -> -2357.5532 | Q44: =Res!Q44 -> 13 | R44: =Res!R44 -> (Over)/Under Ending Balance | S44: =O44 -> -2357.5532 | T44: =S44+T42+T43 -> -2340.9571 | U44: =T44+U42+U43 -> -4029.1579 | V44: =U44+V42+V43 -> -4501.9732 | W44: =V44+W42+W43 -> -4807.9531 | X44: =W44+X42+X43 -> -5319.6758 | Y44: =X44+Y42+Y43 -> -5595.793 | Z44: =Y44+Z42+Z43 -> -5816.5553 | AA44: =Z44+AA42+AA43 -> -5642.1567 | ... AE44: =AD44+AE42+AE43 -> -6311.2352 | AG44: =Res!AG44 -> 12 | AH44: =Res!AH44 -> (Over)/Under Ending Balance | AI44: =AE44 -> -6311.2352 | AJ44: =AI44+AJ42+AJ43 -> -6092.4179 | AK44: =AJ44+AK42+AK43 -> -6595.0601 | AL44: =AK44+AL42+AL43 -> -7907.4338 | AM44: =AL44+AM42+AM43 -> -7517.4776 | AN44: =AM44+AN42+AN43 -> -9364.3842 | AO44: =AN44+AO42+AO43 -> -9799.9886 | AP44: =AO44+AP42+AP43 -> -9519.9068 | AQ44: =AP44+AQ42+AQ43 -> -10041.146 | ... AU44: =AT44+AU42+AU43 -> -5085.1085 | AW44: =Res!AW44 -> 12 | AX44: =Res!AX44 -> (Over)/Under Ending Balance | AY44: =AU44 -> -5085.1085 | AZ44: =AY44+AZ42+AZ43 -> -3493.2673 | BA44: =AZ44+BA42+BA43 -> -2974.0408 | BB44: =BA44+BB42+BB43 -> -2753.8737 | BC44: =BB44+BC42+BC43 -> -2232.7432 | BD44: =BC44+BD42+BD43 -> -1710.2708 | BE44: =BD44+BE42+BE43 -> -1486.8496 | BF44: =BE44+BF42+BF43 -> -962.45652 | BG44: =BF44+BG42+BG43 -> -436.71315 | ... BK44: =BJ44+BK42+BK43 -> -3.166134e-12
A45: =Res!A45 -> 12 | B45: =Res!B45 -> Interest Rate Applied to Deferral Balance | D45: =Res!D45 -> 0.0429 | E45: =Res!E45 -> 0.0433 | F45: =Res!F45 -> 0.0425 | G45: =Res!G45 -> 0.0424 | H45: =Res!H45 -> 0.0408 | I45: =Res!I45 -> 0.0453 | J45: =Res!J45 -> 0.0441 | K45: =Res!K45 -> 0.0392 | ... O45: =Res!O45 -> 0.0413 | Q45: =Res!Q45 -> 14 | R45: =Res!R45 -> Interest Rate Applied to Deferral Balance | T45: =Res!T45 -> 0.0396 | U45: =Res!U45 -> 0.0296 | V45: =Res!V45 -> 0.0381 | W45: =Res!W45 -> 0.0372 | X45: =Res!X45 -> 0.0357 | Y45: =Res!Y45 -> 0.0371 | Z45: =Res!Z45 -> 0.0352 | AA45: =Res!AA45 -> 0.0341 | ... AE45: =Res!AE45 -> 0.0329 | AG45: =Res!AG45 -> 13 | AH45: =Res!AH45 -> Interest Rate Applied to Deferral Balance | AJ45: =Res!AJ45 -> 0.0316 | AK45: =Res!AK45 -> 0.0328 | AL45: =Res!AL45 -> 0.0325 | AM45: =Res!AM45 -> 0.0313 | AN45: =Res!AN45 -> 0.0305 | AO45: =Res!AO45 -> 0.0309 | AP45: =Res!AP45 -> 0.0291 | AQ45: =Res!AQ45 -> 0.0328 | ... AU45: =Res!AU45 -> 0.0309 | AW45: =Res!AW45 -> 13 | AX45: =Res!AX45 -> Interest Rate Applied to Deferral Balance | AZ45: =Res!AZ45 -> 0.0309 | BA45: =Res!BA45 -> 0.0309 | BB45: =Res!BB45 -> 0.0309 | BC45: =Res!BC45 -> 0.0309 | BD45: =Res!BD45 -> 0.0309 | BE45: =Res!BE45 -> 0.0309 | BF45: =Res!BF45 -> 0.0309 | BG45: =Res!BG45 -> 0.0309 | ... BK45: =Res!BK45 -> 0.0309
B47: =Res!B47 -> *Sector portion of revenues are allocated based on forecasted 2024 kWh sales. | R47: =Res!R47 -> *Sector portion of revenues are allocated based on forecasted 2025 kWh sales. | AH47: =Res!AH47 -> *Sector portion of revenues are allocated based on forecasted 2026 kWh sales. | AX47: =Res!AX47 -> *Sector portion of revenues are allocated based on forecasted 2027 kWh sales.
B48: =Res!B48 -> **Sector portion of revenues are allocated based on greenhouse gas reductions. | R48: =Res!R48 -> **Sector portion of revenues are allocated based on greenhouse gas reductions. | AH48: =Res!AH48 -> **Sector portion of revenues are allocated based on greenhouse gas reductions. | AX48: =Res!AX48 -> **Sector portion of revenues are allocated based on greenhouse gas reductions.

Sheet Total
A1: Cape Light Compact JPE | Q1: Cape Light Compact JPE | AG1: Cape Light Compact JPE | AW1: Cape Light Compact JPE
A2: =Year1-1&" Total Monthly EES Deferral" -> 2024 Total Monthly EES Deferral | Q2: =Year1&" Total Monthly EES Deferral" -> 2025 Total Monthly EES Deferral | AG2: =Year2&" Total Monthly EES Deferral" -> 2026 Total Monthly EES Deferral | AW2: =Year3&" Total Monthly EES Deferral" -> 2027 Total Monthly EES Deferral
A3: $ in Thousands | Q3: $ in Thousands | AG3: $ in Thousands | AW3: $ in Thousands
C4: Col. A | D4: Col. B | E4: Col. C | F4: Col. D | G4: Col. E | H4: Col. F | I4: Col. G | J4: Col. H | K4: Col. I | L4: Col. J | M4: Col. K | N4: Col. L | O4: Col. M | P4: Col. N | S4: Col. A | T4: Col. B | U4: Col. C | V4: Col. D | W4: Col. E | X4: Col. F | Y4: Col. G | Z4: Col. H | AA4: Col. I | AB4: Col. J | AC4: Col. K | AD4: Col. L | AE4: Col. M | AF4: Col. N | AI4: Col. A | AJ4: Col. B | AK4: Col. C | AL4: Col. D | AM4: Col. E | AN4: Col. F | AO4: Col. G | AP4: Col. H | AQ4: Col. I | AR4: Col. J | AS4: Col. K | AT4: Col. L | AU4: Col. M | AV4: Col. N | AY4: Col. A | AZ4: Col. B | BA4: Col. C | BB4: Col. D | BC4: Col. E | BD4: Col. F | BE4: Col. G | BF4: Col. H | BG4: Col. I | BH4: Col. J | BI4: Col. K | BJ4: Col. L | BK4: Col. M | BL4: Col. N
C5: =Res!C27 -> Actual | D5: =Res!D27 -> Actual | E5: =Res!E27 -> Actual | F5: =Res!F27 -> Actual | G5: =Res!G27 -> Actual | H5: =Res!H27 -> Actual | I5: =Res!I27 -> Actual | J5: =Res!J27 -> Actual | ... O5: =Res!O27 -> Actual | S5: =Res!S27 -> Actual | T5: =Res!T27 -> Actual | U5: =Res!U27 -> Actual | V5: =Res!V27 -> Actual | W5: =Res!W27 -> Actual | X5: =Res!X27 -> Actual | Y5: =Res!Y27 -> Actual | Z5: =Res!Z27 -> Actual | ... AE5: =Res!AE27 -> Actual | AI5: =Res!AI27 -> Actual | AJ5: =Res!AJ27 -> Actual | AK5: =Res!AK27 -> Actual | AL5: =Res!AL27 -> Actual | AM5: =Res!AM27 -> Actual | AN5: =Res!AN27 -> Actual | AO5: =Res!AO27 -> Actual | AP5: =Res!AP27 -> Actual | ... AU5: =Res!AU27 -> Planned | AY5: =Res!AY27 -> Planned | AZ5: =Res!AZ27 -> Planned | BA5: =Res!BA27 -> Planned | BB5: =Res!BB27 -> Planned | BC5: =Res!BC27 -> Planned | BD5: =Res!BD27 -> Planned | BE5: =Res!BE27 -> Planned | BF5: =Res!BF27 -> Planned | ... BK5: =Res!BK27 -> Planned
A6: Line | B6: Description | C6: =Res!C28 -> 45261 | D6: =Res!D28 -> 45292 | E6: =Res!E28 -> 45323 | F6: =Res!F28 -> 45352 | G6: =Res!G28 -> 45383 | H6: =Res!H28 -> 45413 | I6: =Res!I28 -> 45444 | J6: =Res!J28 -> 45474 | ... O6: =Res!O28 -> 45627 | P6: Total | Q6: Line | R6: Description | S6: =Res!S28 -> 45627 | T6: =Res!T28 -> 45658 | U6: =Res!U28 -> 45689 | V6: =Res!V28 -> 45717 | W6: =Res!W28 -> 45748 | X6: =Res!X28 -> 45778 | Y6: =Res!Y28 -> 45809 | Z6: =Res!Z28 -> 45839 | ... AE6: =Res!AE28 -> 45992 | AF6: Total | AG6: Line | AH6: Description | AI6: =Res!AI28 -> 45992 | AJ6: =Res!AJ28 -> 46023 | AK6: =Res!AK28 -> 46054 | AL6: =Res!AL28 -> 46083 | AM6: =Res!AM28 -> 46114 | AN6: =Res!AN28 -> 46144 | AO6: =Res!AO28 -> 46175 | AP6: =Res!AP28 -> 46205 | ... AU6: =Res!AU28 -> 46358 | AV6: Total | AW6: Line | AX6: Description | AY6: =Res!AY28 -> 46357 | AZ6: =Res!AZ28 -> 46388 | BA6: =Res!BA28 -> 46419 | BB6: =Res!BB28 -> 46448 | BC6: =Res!BC28 -> 46479 | BD6: =Res!BD28 -> 46509 | BE6: =Res!BE28 -> 46540 | BF6: =Res!BF28 -> 46570 | ... BK6: =Res!BK28 -> 46723 | BL6: Total
A8: =Res!A30 -> 1 | B8: =Res!B30 -> SBC Revenues | D8: =LI!D30+Res!D30+CI!D30 -> 0 | E8: =LI!E30+Res!E30+CI!E30 -> -400.044 | F8: =LI!F30+Res!F30+CI!F30 -> -400.044 | G8: =LI!G30+Res!G30+CI!G30 -> -400.044 | H8: =LI!H30+Res!H30+CI!H30 -> -400.044 | I8: =LI!I30+Res!I30+CI!I30 -> -400.044 | J8: =LI!J30+Res!J30+CI!J30 -> -400.044 | K8: =LI!K30+Res!K30+CI!K30 -> -400.044 | ... O8: =LI!O30+Res!O30+CI!O30 -> -661.77576 | P8: =SUM(D8:O8) -> -4862.2378 | Q8: 1 | R8: =Res!R30 -> SBC Revenues | T8: =LI!T30+Res!T30+CI!T30 -> 0 | U8: =LI!U30+Res!U30+CI!U30 -> -396.77 | V8: =LI!V30+Res!V30+CI!V30 -> -396.77 | W8: =LI!W30+Res!W30+CI!W30 -> -396.77 | X8: =LI!X30+Res!X30+CI!X30 -> -396.77 | Y8: =LI!Y30+Res!Y30+CI!Y30 -> -396.77 | Z8: =LI!Z30+Res!Z30+CI!Z30 -> -396.77 | AA8: =LI!AA30+Res!AA30+CI!AA30 -> -422.762 | ... AE8: =LI!AE30+Res!AE30+CI!AE30 -> -818.324 | AF8: =SUM(T8:AE8) -> -4889.992 | AG8: 1 | AH8: =Res!AH30 -> SBC Revenues | AJ8: =LI!AJ30+Res!AJ30+CI!AJ30 -> 0 | AK8: =LI!AK30+Res!AK30+CI!AK30 -> -442.488 | AL8: =LI!AL30+Res!AL30+CI!AL30 -> -442.488 | AM8: =LI!AM30+Res!AM30+CI!AM30 -> -442.488 | AN8: =LI!AN30+Res!AN30+CI!AN30 -> -442.488 | AO8: =LI!AO30+Res!AO30+CI!AO30 -> -442.488 | AP8: =LI!AP30+Res!AP30+CI!AP30 -> -442.488 | AQ8: =LI!AQ30+Res!AQ30+CI!AQ30 -> -442.488 | ... AU8: =LI!AU30+Res!AU30+CI!AU30 -> -884.97333 | AV8: =SUM(AJ8:AU8) -> -5309.8507 | AW8: 1 | AX8: =Res!AX30 -> SBC Revenues | AZ8: =LI!AZ30+Res!AZ30+CI!AZ30 -> 0 | BA8: =LI!BA30+Res!BA30+CI!BA30 -> -377.54609 | BB8: =LI!BB30+Res!BB30+CI!BB30 -> -377.54609 | BC8: =LI!BC30+Res!BC30+CI!BC30 -> -377.54609 | BD8: =LI!BD30+Res!BD30+CI!BD30 -> -377.54609 | BE8: =LI!BE30+Res!BE30+CI!BE30 -> -377.54609 | BF8: =LI!BF30+Res!BF30+CI!BF30 -> -377.54609 | BG8: =LI!BG30+Res!BG30+CI!BG30 -> -377.54609 | ... BK8: =LI!BK30+Res!BK30+CI!BK30 -> -755.09218 | BL8: =SUM(AZ8:BK8) -> -4530.5531
A9: =Res!A31 -> 2 | B9: =Res!B31 -> EES Revenues, 1/1/2024-6/30/2024 | D9: =LI!D31+Res!D31+CI!D31 -> 0 | E9: =LI!E31+Res!E31+CI!E31 -> -2639.35 | F9: =LI!F31+Res!F31+CI!F31 -> -2639.35 | G9: =LI!G31+Res!G31+CI!G31 -> -2639.35 | H9: =LI!H31+Res!H31+CI!H31 -> -2639.35 | I9: =LI!I31+Res!I31+CI!I31 -> -2639.35 | J9: =LI!J31+Res!J31+CI!J31 -> -2639.35 | K9: =LI!K31+Res!K31+CI!K31 -> 0 | ... O9: =LI!O31+Res!O31+CI!O31 -> 0 | P9: =SUM(D9:O9) -> -15836.1 | Q9: 2 | R9: =Res!R31 -> EES Revenues, 1/1/2025-6/30/2025 | T9: =LI!T31+Res!T31+CI!T31 -> 0 | U9: =LI!U31+Res!U31+CI!U31 -> -7270.276 | V9: =LI!V31+Res!V31+CI!V31 -> -7270.276 | W9: =LI!W31+Res!W31+CI!W31 -> -7270.276 | X9: =LI!X31+Res!X31+CI!X31 -> -7270.276 | Y9: =LI!Y31+Res!Y31+CI!Y31 -> -7270.276 | Z9: =LI!Z31+Res!Z31+CI!Z31 -> -7270.276 | AA9: =LI!AA31+Res!AA31+CI!AA31 -> 0 | ... AE9: =LI!AE31+Res!AE31+CI!AE31 -> 0 | AF9: =SUM(T9:AE9) -> -43621.656 | AG9: =AG8+1 -> 2 | AH9: =Res!AH31 -> EES Revenues | AJ9: =LI!AJ31+Res!AJ31+CI!AJ31 -> 0 | AK9: =LI!AK31+Res!AK31+CI!AK31 -> -5635.1 | AL9: =LI!AL31+Res!AL31+CI!AL31 -> -5635.1 | AM9: =LI!AM31+Res!AM31+CI!AM31 -> -5635.1 | AN9: =LI!AN31+Res!AN31+CI!AN31 -> -5635.1 | AO9: =LI!AO31+Res!AO31+CI!AO31 -> -5635.1 | AP9: =LI!AP31+Res!AP31+CI!AP31 -> -5635.1 | AQ9: =LI!AQ31+Res!AQ31+CI!AQ31 -> -5635.1 | ... AU9: =LI!AU31+Res!AU31+CI!AU31 -> -11270.201 | AV9: =SUM(AJ9:AU9) -> -67621.201 | AW9: 2 | AX9: =Res!AX31 -> EES Revenues | AZ9: =LI!AZ31+Res!AZ31+CI!AZ31 -> 0 | BA9: =LI!BA31+Res!BA31+CI!BA31 -> -5934.0307 | BB9: =LI!BB31+Res!BB31+CI!BB31 -> -5934.0307 | BC9: =LI!BC31+Res!BC31+CI!BC31 -> -5934.0307 | BD9: =LI!BD31+Res!BD31+CI!BD31 -> -5934.0307 | BE9: =LI!BE31+Res!BE31+CI!BE31 -> -5934.0307 | BF9: =LI!BF31+Res!BF31+CI!BF31 -> -5934.0307 | BG9: =LI!BG31+Res!BG31+CI!BG31 -> -5934.0307 | ... BK9: =LI!BK31+Res!BK31+CI!BK31 -> -11868.061 | BL9: =SUM(AZ9:BK9) -> -71208.368
A10: =Res!A32 -> 3 | B10: =Res!B32 -> EES Revenues, 7/1/2024-12/31/2024 | D10: =LI!D32+Res!D32+CI!D32 -> 0 | E10: =LI!E32+Res!E32+CI!E32 -> 0 | F10: =LI!F32+Res!F32+CI!F32 -> 0 | G10: =LI!G32+Res!G32+CI!G32 -> 0 | H10: =LI!H32+Res!H32+CI!H32 -> 0 | I10: =LI!I32+Res!I32+CI!I32 -> 0 | J10: =LI!J32+Res!J32+CI!J32 -> 0 | K10: =LI!K32+Res!K32+CI!K32 -> -2639.35 | ... O10: =LI!O32+Res!O32+CI!O32 -> -9337.3784 | P10: =SUM(D10:O10) -> -29819.516 | Q10: 3 | R10: =Res!R32 -> EES Revenues, 7/1/2025-12/31/2025 | T10: =LI!T32+Res!T32+CI!T32 -> 0 | U10: =LI!U32+Res!U32+CI!U32 -> 0 | V10: =LI!V32+Res!V32+CI!V32 -> 0 | W10: =LI!W32+Res!W32+CI!W32 -> 0 | X10: =LI!X32+Res!X32+CI!X32 -> 0 | Y10: =LI!Y32+Res!Y32+CI!Y32 -> 0 | Z10: =LI!Z32+Res!Z32+CI!Z32 -> 0 | AA10: =LI!AA32+Res!AA32+CI!AA32 -> -5402.682 | ... AE10: =LI!AE32+Res!AE32+CI!AE32 -> -7098.3427 | AF10: =SUM(T10:AE10) -> -28709.071
A11: =Res!A33 -> 4 | B11: =Res!B33 -> FCM Revenues* | D11: =LI!D33+Res!D33+CI!D33 -> -74.98449 | E11: =LI!E33+Res!E33+CI!E33 -> -123.52578 | F11: =LI!F33+Res!F33+CI!F33 -> -133.4821 | G11: =LI!G33+Res!G33+CI!G33 -> -151.06935 | H11: =LI!H33+Res!H33+CI!H33 -> -115.62978 | I11: =LI!I33+Res!I33+CI!I33 -> -190.47018 | J11: =LI!J33+Res!J33+CI!J33 -> -242.25084 | K11: =LI!K33+Res!K33+CI!K33 -> -260.0345 | ... O11: =LI!O33+Res!O33+CI!O33 -> -371.84336 | P11: =SUM(D11:O11) -> -2346.7965 | Q11: 4 | R11: =Res!R33 -> FCM Revenues* | T11: =LI!T33+Res!T33+CI!T33 -> -155.21152 | U11: =LI!U33+Res!U33+CI!U33 -> -232.77329 | V11: =LI!V33+Res!V33+CI!V33 -> -226.72204 | W11: =LI!W33+Res!W33+CI!W33 -> -216.57993 | X11: =LI!X33+Res!X33+CI!X33 -> -230.40448 | Y11: =LI!Y33+Res!Y33+CI!Y33 -> -195.14282 | Z11: =LI!Z33+Res!Z33+CI!Z33 -> -131.95592 | AA11: =LI!AA33+Res!AA33+CI!AA33 -> -135.92198 | ... AE11: =LI!AE33+Res!AE33+CI!AE33 -> -144.76358 | AF11: =SUM(T11:AE11) -> -2033.8232 | AG11: =AG9+1 -> 3 | AH11: =Res!AH33 -> FCM Revenues* | AJ11: =LI!AJ33+Res!AJ33+CI!AJ33 -> -139.576 | AK11: =LI!AK33+Res!AK33+CI!AK33 -> -127.11237 | AL11: =LI!AL33+Res!AL33+CI!AL33 -> -129.96375 | AM11: =LI!AM33+Res!AM33+CI!AM33 -> -110.07891 | AN11: =LI!AN33+Res!AN33+CI!AN33 -> -117.21923 | AO11: =LI!AO33+Res!AO33+CI!AO33 -> -128.96602 | AP11: =LI!AP33+Res!AP33+CI!AP33 -> -119.81463 | AQ11: =LI!AQ33+Res!AQ33+CI!AQ33 -> -103.74219 | ... AU11: =LI!AU33+Res!AU33+CI!AU33 -> -32.882267 | AV11: =SUM(AJ11:AU11) -> -1172.5387 | AW11: =AW9+1 -> 3 | AX11: =Res!AX33 -> FCM Revenues* | AZ11: =LI!AZ33+Res!AZ33+CI!AZ33 -> -91.339483 | BA11: =LI!BA33+Res!BA33+CI!BA33 -> -91.339483 | BB11: =LI!BB33+Res!BB33+CI!BB33 -> -91.339483 | BC11: =LI!BC33+Res!BC33+CI!BC33 -> -91.339483 | BD11: =LI!BD33+Res!BD33+CI!BD33 -> -91.339483 | BE11: =LI!BE33+Res!BE33+CI!BE33 -> -91.339483 | BF11: =LI!BF33+Res!BF33+CI!BF33 -> -91.339483 | BG11: =LI!BG33+Res!BG33+CI!BG33 -> -91.339483 | ... BK11: =LI!BK33+Res!BK33+CI!BK33 -> -91.339483 | BL11: =SUM(AZ11:BK11) -> -1096.0738
A12: =Res!A34 -> 5 | B12: =Res!B34 -> RGGI Revenues** | D12: =LI!D34+Res!D34+CI!D34 -> -1615.6809 | E12: =LI!E34+Res!E34+CI!E34 -> 0 | F12: =LI!F34+Res!F34+CI!F34 -> 0 | G12: =LI!G34+Res!G34+CI!G34 -> -2056.2849 | H12: =LI!H34+Res!H34+CI!H34 -> 0 | I12: =LI!I34+Res!I34+CI!I34 -> -2946.8798 | J12: =LI!J34+Res!J34+CI!J34 -> 0 | K12: =LI!K34+Res!K34+CI!K34 -> 0 | ... O12: =LI!O34+Res!O34+CI!O34 -> 0 | P12: =SUM(D12:O12) -> -9062.1847 | Q12: 5 | R12: =Res!R34 -> RGGI Revenues** | T12: =LI!T34+Res!T34+CI!T34 -> 0 | U12: =LI!U34+Res!U34+CI!U34 -> -2445.865 | V12: =LI!V34+Res!V34+CI!V34 -> -2132.0001 | W12: =LI!W34+Res!W34+CI!W34 -> 0 | X12: =LI!X34+Res!X34+CI!X34 -> -1677.1817 | Y12: =LI!Y34+Res!Y34+CI!Y34 -> 0 | Z12: =LI!Z34+Res!Z34+CI!Z34 -> 0 | AA12: =LI!AA34+Res!AA34+CI!AA34 -> 0 | ... AE12: =LI!AE34+Res!AE34+CI!AE34 -> 0 | AF12: =SUM(T12:AE12) -> -9167.4667 | AG12: =AG11+1 -> 4 | AH12: =Res!AH34 -> RGGI Revenues** | AJ12: =LI!AJ34+Res!AJ34+CI!AJ34 -> 0 | AK12: =LI!AK34+Res!AK34+CI!AK34 -> 0 | AL12: =LI!AL34+Res!AL34+CI!AL34 -> -3495.1951 | AM12: =LI!AM34+Res!AM34+CI!AM34 -> 0 | AN12: =LI!AN34+Res!AN34+CI!AN34 -> -6261.1657 | AO12: =LI!AO34+Res!AO34+CI!AO34 -> 0 | AP12: =LI!AP34+Res!AP34+CI!AP34 -> 0 | AQ12: =LI!AQ34+Res!AQ34+CI!AQ34 -> 0 | ... AU12: =LI!AU34+Res!AU34+CI!AU34 -> 0 | AV12: =SUM(AJ12:AU12) -> -15934.645 | AW12: =AW11+1 -> 4 | AX12: =Res!AX34 -> RGGI Revenues** | AZ12: =LI!AZ34+Res!AZ34+CI!AZ34 -> 0 | BA12: =LI!BA34+Res!BA34+CI!BA34 -> 0 | BB12: =LI!BB34+Res!BB34+CI!BB34 -> -1153.8855 | BC12: =LI!BC34+Res!BC34+CI!BC34 -> 0 | BD12: =LI!BD34+Res!BD34+CI!BD34 -> 0 | BE12: =LI!BE34+Res!BE34+CI!BE34 -> -1153.8855 | BF12: =LI!BF34+Res!BF34+CI!BF34 -> 0 | BG12: =LI!BG34+Res!BG34+CI!BG34 -> 0 | ... BK12: =LI!BK34+Res!BK34+CI!BK34 -> -1153.8855 | BL12: =SUM(AZ12:BK12) -> -4615.542
A13: =Res!A35 -> 6 | B13: =Res!B35 -> Other Revenues*** | D13: =LI!D35+Res!D35+CI!D35 -> 0 | E13: =LI!E35+Res!E35+CI!E35 -> 0 | F13: =LI!F35+Res!F35+CI!F35 -> 0 | G13: =LI!G35+Res!G35+CI!G35 -> 0 | H13: =LI!H35+Res!H35+CI!H35 -> 0 | I13: =LI!I35+Res!I35+CI!I35 -> 0 | J13: =LI!J35+Res!J35+CI!J35 -> 0 | K13: =LI!K35+Res!K35+CI!K35 -> 0 | ... O13: =LI!O35+Res!O35+CI!O35 -> -1.1172 | P13: =SUM(D13:O13) -> -2.457 | Q13: 6 | R13: =Res!R35 -> Other Revenues*** | T13: =LI!T35+Res!T35+CI!T35 -> 0 | U13: =LI!U35+Res!U35+CI!U35 -> 0 | V13: =LI!V35+Res!V35+CI!V35 -> 0 | W13: =LI!W35+Res!W35+CI!W35 -> -1.59 | X13: =LI!X35+Res!X35+CI!X35 -> 0 | Y13: =LI!Y35+Res!Y35+CI!Y35 -> -1.131 | Z13: =LI!Z35+Res!Z35+CI!Z35 -> 0 | AA13: =LI!AA35+Res!AA35+CI!AA35 -> -1.862 | ... AE13: =LI!AE35+Res!AE35+CI!AE35 -> 0 | AF13: =SUM(T13:AE13) -> -9.575 | AG13: =AG12+1 -> 5 | AH13: =Res!AH35 -> Other Revenues*** | AJ13: =LI!AJ35+Res!AJ35+CI!AJ35 -> 0 | AK13: =LI!AK35+Res!AK35+CI!AK35 -> -4.953 | AL13: =LI!AL35+Res!AL35+CI!AL35 -> 0 | AM13: =LI!AM35+Res!AM35+CI!AM35 -> 0 | AN13: =LI!AN35+Res!AN35+CI!AN35 -> -1.9008 | AO13: =LI!AO35+Res!AO35+CI!AO35 -> 0 | AP13: =LI!AP35+Res!AP35+CI!AP35 -> 0 | AQ13: =LI!AQ35+Res!AQ35+CI!AQ35 -> -2.23725 | ... AU13: =LI!AU35+Res!AU35+CI!AU35 -> -3.17625 | AV13: =SUM(AJ13:AU13) -> -28.714 | AW13: =AW12+1 -> 5 | AX13: =Res!AX35 -> Other Revenues*** | AZ13: =LI!AZ35+Res!AZ35+CI!AZ35 -> 0 | BA13: =LI!BA35+Res!BA35+CI!BA35 -> 0 | BB13: =LI!BB35+Res!BB35+CI!BB35 -> -3.17625 | BC13: =LI!BC35+Res!BC35+CI!BC35 -> 0 | BD13: =LI!BD35+Res!BD35+CI!BD35 -> 0 | BE13: =LI!BE35+Res!BE35+CI!BE35 -> -3.17625 | BF13: =LI!BF35+Res!BF35+CI!BF35 -> 0 | BG13: =LI!BG35+Res!BG35+CI!BG35 -> 0 | ... BK13: =LI!BK35+Res!BK35+CI!BK35 -> -3.17625 | BL13: =SUM(AZ13:BK13) -> -12.705
A14: =Res!A36 -> 7 | B14: =Res!B36 -> Total Energy Efficiency Revenues | D14: =SUM(D8:D13) -> -1690.6654 | E14: =SUM(E8:E13) -> -3162.9198 | F14: =SUM(F8:F13) -> -3172.8761 | G14: =SUM(G8:G13) -> -5246.7483 | H14: =SUM(H8:H13) -> -3155.0238 | I14: =SUM(I8:I13) -> -6176.744 | J14: =SUM(J8:J13) -> -3281.6448 | K14: =SUM(K8:K13) -> -3299.4285 | ... O14: =SUM(O8:O13) -> -10372.115 | P14: =SUM(D14:O14) -> -61929.292 | Q14: 7 | R14: =Res!R36 -> Total Energy Efficiency Revenues | T14: =SUM(T8:T13) -> -155.21152 | U14: =SUM(U8:U13) -> -10345.684 | V14: =SUM(V8:V13) -> -10025.768 | W14: =SUM(W8:W13) -> -7885.2159 | X14: =SUM(X8:X13) -> -9574.6322 | Y14: =SUM(Y8:Y13) -> -7863.3198 | Z14: =SUM(Z8:Z13) -> -7799.0019 | AA14: =SUM(AA8:AA13) -> -5963.228 | ... AE14: =SUM(AE8:AE13) -> -8061.4303 | AF14: =SUM(T14:AE14) -> -88431.584 | AG14: =AG13+1 -> 6 | AH14: =Res!AH36 -> Total Energy Efficiency Revenues | AJ14: =SUM(AJ8:AJ13) -> -139.576 | AK14: =SUM(AK8:AK13) -> -6209.6534 | AL14: =SUM(AL8:AL13) -> -9702.7469 | AM14: =SUM(AM8:AM13) -> -6187.6669 | AN14: =SUM(AN8:AN13) -> -12457.874 | AO14: =SUM(AO8:AO13) -> -6206.554 | AP14: =SUM(AP8:AP13) -> -6197.4026 | AQ14: =SUM(AQ8:AQ13) -> -6183.5674 | ... AU14: =SUM(AU8:AU13) -> -12191.233 | AV14: =SUM(AJ14:AU14) -> -90066.95 | AW14: =AW13+1 -> 6 | AX14: =Res!AX36 -> Total Energy Efficiency Revenues | AZ14: =SUM(AZ8:AZ13) -> -91.339483 | BA14: =SUM(BA8:BA13) -> -6402.9163 | BB14: =SUM(BB8:BB13) -> -7559.978 | BC14: =SUM(BC8:BC13) -> -6402.9163 | BD14: =SUM(BD8:BD13) -> -6402.9163 | BE14: =SUM(BE8:BE13) -> -7559.978 | BF14: =SUM(BF8:BF13) -> -6402.9163 | BG14: =SUM(BG8:BG13) -> -6402.9163 | ... BK14: =SUM(BK8:BK13) -> -13871.555 | BL14: =SUM(AZ14:BK14) -> -81463.242
Q16: =Res!Q38 -> 8 | R16: =Res!R38 -> Energy Efficiency Expenditures - PA Models | T16: =LI!T38+Res!T38+CI!T38 -> 361.43722 | U16: =LI!U38+Res!U38+CI!U38 -> 1758.4679 | V16: =LI!V38+Res!V38+CI!V38 -> 5273.8161 | W16: =LI!W38+Res!W38+CI!W38 -> 3241.4101 | X16: =LI!X38+Res!X38+CI!X38 -> 6084.8333 | Y16: =LI!Y38+Res!Y38+CI!Y38 -> 1415.5677 | Z16: =LI!Z38+Res!Z38+CI!Z38 -> 5334.0752 | AA16: =LI!AA38+Res!AA38+CI!AA38 -> 5734.1206 | ... AE16: =LI!AE38+Res!AE38+CI!AE38 -> 10752.572 | AF16: =SUM(T16:AE16) -> 51316.092 | AG16: =Res!AG38 -> 7 | AH16: =Res!AH38 -> Energy Efficiency Expenditures - PA Models | AJ16: =LI!AJ38+Res!AJ38+CI!AJ38 -> 369.39807 | AK16: =LI!AK38+Res!AK38+CI!AK38 -> 1155.176 | AL16: =LI!AL38+Res!AL38+CI!AL38 -> 5201.0571 | AM16: =LI!AM38+Res!AM38+CI!AM38 -> 5807.2528 | AN16: =LI!AN38+Res!AN38+CI!AN38 -> 3549.811 | AO16: =LI!AO38+Res!AO38+CI!AO38 -> 3429.9246 | AP16: =LI!AP38+Res!AP38+CI!AP38 -> 3754.7583 | AQ16: =LI!AQ38+Res!AQ38+CI!AQ38 -> 3098.9888 | ... AU16: =LI!AU38+Res!AU38+CI!AU38 -> 12472.64 | AV16: =SUM(AJ16:AU16) -> 67172.143 | AW16: =Res!AW38 -> 7 | AX16: =Res!AX38 -> Energy Efficiency Expenditures - PA Models | AZ16: =LI!AZ38+Res!AZ38+CI!AZ38 -> 9167.6098 | BA16: =LI!BA38+Res!BA38+CI!BA38 -> 9167.6098 | BB16: =LI!BB38+Res!BB38+CI!BB38 -> 9167.6098 | BC16: =LI!BC38+Res!BC38+CI!BC38 -> 9167.6098 | BD16: =LI!BD38+Res!BD38+CI!BD38 -> 9167.6098 | BE16: =LI!BE38+Res!BE38+CI!BE38 -> 9167.6098 | BF16: =LI!BF38+Res!BF38+CI!BF38 -> 9167.6098 | BG16: =LI!BG38+Res!BG38+CI!BG38 -> 9167.6098 | ... BK16: =LI!BK38+Res!BK38+CI!BK38 -> 9167.6098 | BL16: =SUM(AZ16:BK16) -> 110011.32
Q17: =Res!Q39 -> 9 | R17: =Res!R39 -> Energy Efficiency Expenditures - Electrification Pool | T17: =LI!T39+Res!T39+CI!T39 -> 0 | U17: =LI!U39+Res!U39+CI!U39 -> 0 | V17: =LI!V39+Res!V39+CI!V39 -> 15.12196 | W17: =LI!W39+Res!W39+CI!W39 -> 11.4025 | X17: =LI!X39+Res!X39+CI!X39 -> 870.96321 | Y17: =LI!Y39+Res!Y39+CI!Y39 -> 495.96 | Z17: =LI!Z39+Res!Z39+CI!Z39 -> 740.76147 | AA17: =LI!AA39+Res!AA39+CI!AA39 -> 2065.0592 | ... AE17: =LI!AE39+Res!AE39+CI!AE39 -> 3315.4541 | AF17: =SUM(T17:AE17) -> 10935.573 | AG17: =Res!AG39 -> 8 | AH17: =Res!AH39 -> Energy Efficiency Expenditures - Electrification Pool | AJ17: =LI!AJ39+Res!AJ39+CI!AJ39 -> 1257.9269 | AK17: =LI!AK39+Res!AK39+CI!AK39 -> 917.42298 | AL17: =LI!AL39+Res!AL39+CI!AL39 -> 924.45133 | AM17: =LI!AM39+Res!AM39+CI!AM39 -> 695.62567 | AN17: =LI!AN39+Res!AN39+CI!AN39 -> 611.83812 | AO17: =LI!AO39+Res!AO39+CI!AO39 -> 396.06018 | AP17: =LI!AP39+Res!AP39+CI!AP39 -> 713.23334 | AQ17: =LI!AQ39+Res!AQ39+CI!AQ39 -> 493.6101 | ... AU17: =LI!AU39+Res!AU39+CI!AU39 -> 1522.4489 | AV17: =SUM(AJ17:AU17) -> 11106.805 | AW17: =Res!AW39 -> 8 | AX17: =Res!AX39 -> Energy Efficiency Expenditures - Electrification Pool | AZ17: =LI!AZ39+Res!AZ39+CI!AZ39 -> 917.12051 | BA17: =LI!BA39+Res!BA39+CI!BA39 -> 917.12051 | BB17: =LI!BB39+Res!BB39+CI!BB39 -> 917.12051 | BC17: =LI!BC39+Res!BC39+CI!BC39 -> 917.12051 | BD17: =LI!BD39+Res!BD39+CI!BD39 -> 917.12051 | BE17: =LI!BE39+Res!BE39+CI!BE39 -> 917.12051 | BF17: =LI!BF39+Res!BF39+CI!BF39 -> 917.12051 | BG17: =LI!BG39+Res!BG39+CI!BG39 -> 917.12051 | ... BK17: =LI!BK39+Res!BK39+CI!BK39 -> 917.12051 | BL17: =SUM(AZ17:BK17) -> 11005.446
A18: =Res!A40 -> 8 | B18: =Res!B40 -> Total Energy Efficiency Expenses | D18: =LI!D40+Res!D40+CI!D40 -> 117.59888 | E18: =LI!E40+Res!E40+CI!E40 -> 2110.4824 | F18: =LI!F40+Res!F40+CI!F40 -> 7120.2668 | G18: =LI!G40+Res!G40+CI!G40 -> 5641.4601 | H18: =LI!H40+Res!H40+CI!H40 -> 7559.9164 | I18: =LI!I40+Res!I40+CI!I40 -> 5705.7112 | J18: =LI!J40+Res!J40+CI!J40 -> 6781.2756 | K18: =LI!K40+Res!K40+CI!K40 -> 4578.7897 | ... O18: =LI!O40+Res!O40+CI!O40 -> 23093.252 | P18: =SUM(D18:O18) -> 81589.932 | Q18: =Res!Q40 -> 10 | R18: =Res!R40 -> Total Energy Efficiency Expenses | T18: =LI!T40+Res!T40+CI!T40 -> 361.43722 | U18: =LI!U40+Res!U40+CI!U40 -> 1758.4679 | V18: =LI!V40+Res!V40+CI!V40 -> 5288.938 | W18: =LI!W40+Res!W40+CI!W40 -> 3252.8126 | X18: =LI!X40+Res!X40+CI!X40 -> 6955.7965 | Y18: =LI!Y40+Res!Y40+CI!Y40 -> 1911.5277 | Z18: =LI!Z40+Res!Z40+CI!Z40 -> 6074.8366 | AA18: =LI!AA40+Res!AA40+CI!AA40 -> 7799.1798 | ... AE18: =LI!AE40+Res!AE40+CI!AE40 -> 14068.026 | AF18: =SUM(T18:AE18) -> 62251.665 | AG18: =Res!AG40 -> 9 | AH18: =Res!AH40 -> Total Energy Efficiency Expenses | AJ18: =LI!AJ40+Res!AJ40+CI!AJ40 -> 1627.3249 | AK18: =LI!AK40+Res!AK40+CI!AK40 -> 2072.599 | AL18: =LI!AL40+Res!AL40+CI!AL40 -> 6125.5084 | AM18: =LI!AM40+Res!AM40+CI!AM40 -> 6502.8785 | AN18: =LI!AN40+Res!AN40+CI!AN40 -> 4161.6491 | AO18: =LI!AO40+Res!AO40+CI!AO40 -> 3825.9848 | AP18: =LI!AP40+Res!AP40+CI!AP40 -> 4467.9917 | AQ18: =LI!AQ40+Res!AQ40+CI!AQ40 -> 3592.5989 | ... AU18: =LI!AU40+Res!AU40+CI!AU40 -> 13995.089 | AV18: =SUM(AJ18:AU18) -> 78278.948 | AW18: =Res!AW40 -> 9 | AX18: =Res!AX40 -> Total Energy Efficiency Expenses | AZ18: =LI!AZ40+Res!AZ40+CI!AZ40 -> 10084.73 | BA18: =LI!BA40+Res!BA40+CI!BA40 -> 10084.73 | BB18: =LI!BB40+Res!BB40+CI!BB40 -> 10084.73 | BC18: =LI!BC40+Res!BC40+CI!BC40 -> 10084.73 | BD18: =LI!BD40+Res!BD40+CI!BD40 -> 10084.73 | BE18: =LI!BE40+Res!BE40+CI!BE40 -> 10084.73 | BF18: =LI!BF40+Res!BF40+CI!BF40 -> 10084.73 | BG18: =LI!BG40+Res!BG40+CI!BG40 -> 10084.73 | ... BK18: =LI!BK40+Res!BK40+CI!BK40 -> 10084.73 | BL18: =SUM(AZ18:BK18) -> 121016.76
A20: =Res!A42 -> 9 | B20: =Res!B42 -> Deferral (Over)/Under Recovery | D20: =D14+D18 -> -1573.0665 | E20: =E14+E18 -> -1052.4374 | F20: =F14+F18 -> 3947.3907 | G20: =G14+G18 -> 394.71185 | H20: =H14+H18 -> 4404.8926 | I20: =I14+I18 -> -471.03285 | J20: =J14+J18 -> 3499.6307 | K20: =K14+K18 -> 1279.3612 | ... O20: =O14+O18 -> 12721.137 | Q20: =Res!Q42 -> 11 | R20: =Res!R42 -> Deferral (Over)/Under Recovery | T20: =T14+T18 -> 206.2257 | U20: =U14+U18 -> -8587.2164 | V20: =V14+V18 -> -4736.8301 | W20: =W14+W18 -> -4632.4034 | X20: =X14+X18 -> -2618.8356 | Y20: =Y14+Y18 -> -5951.7921 | Z20: =Z14+Z18 -> -1724.1653 | AA20: =AA14+AA18 -> 1835.9518 | ... AE20: =AE14+AE18 -> 6006.5955 | AG20: =Res!AG42 -> 10 | AH20: =Res!AH42 -> Deferral (Over)/Under Recovery | AJ20: =AJ14+AJ18 -> 1487.7489 | AK20: =AK14+AK18 -> -4137.0543 | AL20: =AL14+AL18 -> -3577.2384 | AM20: =AM14+AM18 -> 315.21158 | AN20: =AN14+AN18 -> -8296.2246 | AO20: =AO14+AO18 -> -2380.5692 | AP20: =AP14+AP18 -> -1729.4109 | AQ20: =AQ14+AQ18 -> -2590.9685 | ... AU20: =AU14+AU18 -> 1803.8565 | AW20: =Res!AW42 -> 10 | AX20: =Res!AX42 -> Deferral (Over)/Under Recovery | AZ20: =AZ14+AZ18 -> 9993.3908 | BA20: =BA14+BA18 -> 3681.814 | BB20: =BB14+BB18 -> 2524.7523 | BC20: =BC14+BC18 -> 3681.814 | BD20: =BD14+BD18 -> 3681.814 | BE20: =BE14+BE18 -> 2524.7523 | BF20: =BF14+BF18 -> 3681.814 | BG20: =BG14+BG18 -> 3681.814 | ... BK20: =BK14+BK18 -> -3786.8245
A21: =Res!A43 -> 10 | B21: =Res!B43 -> Interest on Deferral Balance | D21: =LI!D43+Res!D43+CI!D43 -> -108.57912 | E21: =LI!E43+Res!E43+CI!E43 -> -79.27365 | F21: =LI!F43+Res!F43+CI!F43 -> -74.31468 | G21: =LI!G43+Res!G43+CI!G43 -> -62.76163 | H21: =LI!H43+Res!H43+CI!H43 -> -63.65111 | I21: =LI!I43+Res!I43+CI!I43 -> -60.54148 | J21: =LI!J43+Res!J43+CI!J43 -> -43.47282 | K21: =LI!K43+Res!K43+CI!K43 -> -34.50468 | ... O21: =LI!O43+Res!O43+CI!O43 -> -24.50855 | P21: =SUM(D21:O21) -> -666.68505 | Q21: =Res!Q43 -> 12 | R21: =Res!R43 -> Interest on Deferral Balance | T21: =LI!T43+Res!T43+CI!T43 -> -79.13912 | U21: =LI!U43+Res!U43+CI!U43 -> -42.49036 | V21: =LI!V43+Res!V43+CI!V43 -> -53.74374 | W21: =LI!W43+Res!W43+CI!W43 -> -58.91852 | X21: =LI!X43+Res!X43+CI!X43 -> -66.29109 | Y21: =LI!Y43+Res!Y43+CI!Y43 -> -71.90518 | Z21: =LI!Z43+Res!Z43+CI!Z43 -> -83.7543 | AA21: =LI!AA43+Res!AA43+CI!AA43 -> -84.25878 | ... AE21: =LI!AE43+Res!AE43+CI!AE43 -> -91.57913 | AF21: =SUM(T21:AE21) -> -893.62489 | AG21: =Res!AG43 -> 11 | AH21: =Res!AH43 -> Interest on Deferral Balance | AJ21: =LI!AJ43+Res!AJ43+CI!AJ43 -> -91.9556 | AK21: =LI!AK43+Res!AK43+CI!AK43 -> -81.88753 | AL21: =LI!AL43+Res!AL43+CI!AL43 -> -86.93322 | AM21: =LI!AM43+Res!AM43+CI!AM43 -> -85.38934 | AN21: =LI!AN43+Res!AN43+CI!AN43 -> -90.71859 | AO21: =LI!AO43+Res!AO43+CI!AO43 -> -109.09747 | AP21: =LI!AP43+Res!AP43+CI!AP43 -> -118.8625 | AQ21: =LI!AQ43+Res!AQ43+CI!AQ43 -> -125.14709 | ... AU21: =LI!AU43+Res!AU43+CI!AU43 -> -102.83541 | AV21: =SUM(AJ21:AU21) -> -1255.9551 | AW21: =Res!AW43 -> 11 | AX21: =Res!AX43 -> Interest on Deferral Balance | AZ21: =LI!AZ43+Res!AZ43+CI!AZ43 -> -87.911258 | BA21: =LI!BA43+Res!BA43+CI!BA43 -> -70.530803 | BB21: =LI!BB43+Res!BB43+CI!BB43 -> -62.721466 | BC21: =LI!BC43+Res!BC43+CI!BC43 -> -54.89202 | BD21: =LI!BD43+Res!BD43+CI!BD43 -> -45.552696 | BE21: =LI!BE43+Res!BE43+CI!BE43 -> -37.67904 | BF21: =LI!BF43+Res!BF43+CI!BF43 -> -29.785109 | BG21: =LI!BG43+Res!BG43+CI!BG43 -> -20.381135 | ... BK21: =LI!BK43+Res!BK43+CI!BK43 -> 4.8630143 | BL21: =SUM(AZ21:BK21) -> -416.53154
A22: =Res!A44 -> 11 | B22: =Res!B44 -> (Over)/Under Ending Balance | C22: =LI!C44+Res!C44+CI!C44 -> -18013.445 | D22: =LI!D44+Res!D44+CI!D44 -> -19695.09 | E22: =LI!E44+Res!E44+CI!E44 -> -20826.801 | F22: =LI!F44+Res!F44+CI!F44 -> -16953.725 | G22: =LI!G44+Res!G44+CI!G44 -> -16621.775 | H22: =LI!H44+Res!H44+CI!H44 -> -12280.534 | I22: =LI!I44+Res!I44+CI!I44 -> -12812.108 | J22: =LI!J44+Res!J44+CI!J44 -> -9355.95 | ... O22: =LI!O44+Res!O44+CI!O44 -> 980.51036 | Q22: =Res!Q44 -> 13 | R22: =Res!R44 -> (Over)/Under Ending Balance | S22: =LI!S44+Res!S44+CI!S44 -> 980.51036 | T22: =S22+T20+T21 -> 1107.5969 | U22: =T22+U20+U21 -> -7522.1098 | V22: =U22+V20+V21 -> -12312.684 | W22: =V22+W20+W21 -> -17004.006 | X22: =W22+X20+X21 -> -19689.132 | Y22: =X22+Y20+Y21 -> -25712.829 | Z22: =Y22+Z20+Z21 -> -27520.749 | AA22: =Z22+AA20+AA21 -> -25769.056 | ... AE22: =AD22+AE20+AE21 -> -26093.033 | AG22: =Res!AG44 -> 12 | AH22: =Res!AH44 -> (Over)/Under Ending Balance | AI22: =LI!AI44+Res!AI44+CI!AI44 -> -26093.033 | AJ22: =AI22+AJ20+AJ21 -> -24697.24 | AK22: =AJ22+AK20+AK21 -> -28916.181 | AL22: =AK22+AL20+AL21 -> -32580.353 | AM22: =AL22+AM20+AM21 -> -32350.531 | AN22: =AM22+AN20+AN21 -> -40737.474 | AO22: =AN22+AO20+AO21 -> -43227.141 | AP22: =AO22+AP20+AP21 -> -45075.414 | AQ22: =AP22+AQ20+AQ21 -> -47791.53 | ... AU22: =AT22+AU20+AU21 -> -39136.99 | AW22: =Res!AW44 -> 12 | AX22: =Res!AX44 -> (Over)/Under Ending Balance | AY22: =LI!AY44+Res!AY44+CI!AY44 -> -39136.99 | AZ22: =AY22+AZ20+AZ21 -> -29231.51 | BA22: =AZ22+BA20+BA21 -> -25620.227 | BB22: =BA22+BB20+BB21 -> -23158.196 | BC22: =BB22+BC20+BC21 -> -19531.274 | BD22: =BC22+BD20+BD21 -> -15895.013 | BE22: =BD22+BE20+BE21 -> -13407.94 | BF22: =BE22+BF20+BF21 -> -9755.9107 | BG22: =BF22+BG20+BG21 -> -6094.4778 | ... BK22: =BJ22+BK20+BK21 -> 1.6354917e-11
B24: =Res!B47 -> *Sector portion of revenues are allocated based on forecasted 2024 kWh sales. | R24: =Res!R47 -> *Sector portion of revenues are allocated based on forecasted 2025 kWh sales. | AH24: =Res!AH47 -> *Sector portion of revenues are allocated based on forecasted 2026 kWh sales. | AX24: =Res!AX47 -> *Sector portion of revenues are allocated based on forecasted 2027 kWh sales.
B25: =Res!B48 -> **Sector portion of revenues are allocated based on greenhouse gas reductions. | R25: =Res!R48 -> **Sector portion of revenues are allocated based on greenhouse gas reductions. | AH25: =Res!AH48 -> **Sector portion of revenues are allocated based on greenhouse gas reductions. | AX25: =Res!AX48 -> **Sector portion of revenues are allocated based on greenhouse gas reductions.
B26: =Res!B49 -> ***Other Revenue represents any RPS and APS credits associated with CVEO participants. | R26: =Res!R49 -> ***Other Revenue represents any RPS and APS credits associated with CVEO participants. | AH26: =Res!AH49 -> ***Other Revenue represents any RPS and APS credits associated with CVEO participants, and revenue from the Clean Peak Standard. | AX26: =Res!AX49 -> ***Other Revenue represents any RPS and APS credits associated with CVEO participants.
